Workbook

Sheet Resumo
A1: Resumo do orçamento anual — Congregação Fictícia Horizonte
A2: Indicadores calculados a partir dos lançamentos do ano definido em Premissas.
A3: Indicador | B3: Valor | C3: Indicador | D3: Valor | E3: Indicador | F3: Valor | G3: Indicador | H3: Valor
A4: Receitas previstas | B4: =IF(COUNTIFS('Orçamento'!$A$5:$A$104,">="&Premissas!$B$6,'Orçamento'!$A$5:$A$104,"<="&Premissas!$B$7,'Orçamento'!$C$5:$C$104,"Receita",'Orçamento'!$G$5:$G$104,"<>")=0,"",SUMIFS('Orçamento'!$G$5:$G$104,'Orçamento'!$A$5:$A$104,">="&Premissas!$B$6,'Orçamento'!$A$5:$A$104,"<="&Premissas!$B$7,'Orçamento'!$C$5:$C$104,"Receita")) | C4: Despesas previstas | D4: =IF(COUNTIFS('Orçamento'!$A$5:$A$104,">="&Premissas!$B$6,'Orçamento'!$A$5:$A$104,"<="&Premissas!$B$7,'Orçamento'!$C$5:$C$104,"Despesa",'Orçamento'!$G$5:$G$104,"<>")=0,"",SUMIFS('Orçamento'!$G$5:$G$104,'Orçamento'!$A$5:$A$104,">="&Premissas!$B$6,'Orçamento'!$A$5:$A$104,"<="&Premissas!$B$7,'Orçamento'!$C$5:$C$104,"Despesa")) | E4: Saldo previsto | F4: =IF(COUNTIFS('Orçamento'!$A$5:$A$104,">="&Premissas!$B$6,'Orçamento'!$A$5:$A$104,"<="&Premissas!$B$7,'Orçamento'!$G$5:$G$104,"<>")=0,"",SUMIFS('Orçamento'!$G$5:$G$104,'Orçamento'!$A$5:$A$104,">="&Premissas!$B$6,'Orçamento'!$A$5:$A$104,"<="&Premissas!$B$7,'Orçamento'!$C$5:$C$104,"Receita")-SUMIFS('Orçamento'!$G$5:$G$104,'Orçamento'!$A$5:$A$104,">="&Premissas!$B$6,'Orçamento'!$A$5:$A$104,"<="&Premissas!$B$7,'Orçamento'!$C$5:$C$104,"Despesa")) | G4: Alertas para conferir | H4: =COUNTIFS('Orçamento'!$A$5:$A$104,">="&Premissas!$B$6,'Orçamento'!$A$5:$A$104,"<="&Premissas!$B$7,'Orçamento'!$K$5:$K$104,"Conferir*")
A5: Receitas realizadas | B5: =IF(COUNTIFS('Orçamento'!$A$5:$A$104,">="&Premissas!$B$6,'Orçamento'!$A$5:$A$104,"<="&Premissas!$B$7,'Orçamento'!$C$5:$C$104,"Receita",'Orçamento'!$H$5:$H$104,"<>")=0,"",SUMIFS('Orçamento'!$H$5:$H$104,'Orçamento'!$A$5:$A$104,">="&Premissas!$B$6,'Orçamento'!$A$5:$A$104,"<="&Premissas!$B$7,'Orçamento'!$C$5:$C$104,"Receita")) | C5: Despesas realizadas | D5: =IF(COUNTIFS('Orçamento'!$A$5:$A$104,">="&Premissas!$B$6,'Orçamento'!$A$5:$A$104,"<="&Premissas!$B$7,'Orçamento'!$C$5:$C$104,"Despesa",'Orçamento'!$H$5:$H$104,"<>")=0,"",SUMIFS('Orçamento'!$H$5:$H$104,'Orçamento'!$A$5:$A$104,">="&Premissas!$B$6,'Orçamento'!$A$5:$A$104,"<="&Premissas!$B$7,'Orçamento'!$C$5:$C$104,"Despesa")) | E5: Saldo realizado | F5: =IF(COUNTIFS('Orçamento'!$A$5:$A$104,">="&Premissas!$B$6,'Orçamento'!$A$5:$A$104,"<="&Premissas!$B$7,'Orçamento'!$H$5:$H$104,"<>")=0,"",SUMIFS('Orçamento'!$H$5:$H$104,'Orçamento'!$A$5:$A$104,">="&Premissas!$B$6,'Orçamento'!$A$5:$A$104,"<="&Premissas!$B$7,'Orçamento'!$C$5:$C$104,"Receita")-SUMIFS('Orçamento'!$H$5:$H$104,'Orçamento'!$A$5:$A$104,">="&Premissas!$B$6,'Orçamento'!$A$5:$A$104,"<="&Premissas!$B$7,'Orçamento'!$C$5:$C$104,"Despesa")) | G5: Registros no ano | H5: =COUNTIFS('Orçamento'!$A$5:$A$104,">="&Premissas!$B$6,'Orçamento'!$A$5:$A$104,"<="&Premissas!$B$7)
A10: Análise mensal
A11: Mês | B11: Receitas previstas | C11: Receitas realizadas | D11: Despesas previstas | E11: Despesas realizadas | F11: Saldo previsto | G11: Saldo realizado
A12: =DATE(Premissas!$B$4,1,1) | B12: =IF(COUNTIFS('Orçamento'!$A$5:$A$104,">="&$A12,'Orçamento'!$A$5:$A$104,"<"&DATE(YEAR($A12),MONTH($A12)+1,1),'Orçamento'!$C$5:$C$104,"Receita",'Orçamento'!$G$5:$G$104,"<>")=0,"",SUMIFS('Orçamento'!$G$5:$G$104,'Orçamento'!$A$5:$A$104,">="&$A12,'Orçamento'!$A$5:$A$104,"<"&DATE(YEAR($A12),MONTH($A12)+1,1),'Orçamento'!$C$5:$C$104,"Receita")) | C12: =IF(COUNTIFS('Orçamento'!$A$5:$A$104,">="&$A12,'Orçamento'!$A$5:$A$104,"<"&DATE(YEAR($A12),MONTH($A12)+1,1),'Orçamento'!$C$5:$C$104,"Receita",'Orçamento'!$H$5:$H$104,"<>")=0,"",SUMIFS('Orçamento'!$H$5:$H$104,'Orçamento'!$A$5:$A$104,">="&$A12,'Orçamento'!$A$5:$A$104,"<"&DATE(YEAR($A12),MONTH($A12)+1,1),'Orçamento'!$C$5:$C$104,"Receita")) | D12: =IF(COUNTIFS('Orçamento'!$A$5:$A$104,">="&$A12,'Orçamento'!$A$5:$A$104,"<"&DATE(YEAR($A12),MONTH($A12)+1,1),'Orçamento'!$C$5:$C$104,"Despesa",'Orçamento'!$G$5:$G$104,"<>")=0,"",SUMIFS('Orçamento'!$G$5:$G$104,'Orçamento'!$A$5:$A$104,">="&$A12,'Orçamento'!$A$5:$A$104,"<"&DATE(YEAR($A12),MONTH($A12)+1,1),'Orçamento'!$C$5:$C$104,"Despesa")) | E12: =IF(COUNTIFS('Orçamento'!$A$5:$A$104,">="&$A12,'Orçamento'!$A$5:$A$104,"<"&DATE(YEAR($A12),MONTH($A12)+1,1),'Orçamento'!$C$5:$C$104,"Despesa",'Orçamento'!$H$5:$H$104,"<>")=0,"",SUMIFS('Orçamento'!$H$5:$H$104,'Orçamento'!$A$5:$A$104,">="&$A12,'Orçamento'!$A$5:$A$104,"<"&DATE(YEAR($A12),MONTH($A12)+1,1),'Orçamento'!$C$5:$C$104,"Despesa")) | F12: =IF(COUNTIFS('Orçamento'!$A$5:$A$104,">="&$A12,'Orçamento'!$A$5:$A$104,"<"&DATE(YEAR($A12),MONTH($A12)+1,1),'Orçamento'!$G$5:$G$104,"<>")=0,"",SUMIFS('Orçamento'!$G$5:$G$104,'Orçamento'!$A$5:$A$104,">="&$A12,'Orçamento'!$A$5:$A$104,"<"&DATE(YEAR($A12),MONTH($A12)+1,1),'Orçamento'!$C$5:$C$104,"Receita")-SUMIFS('Orçamento'!$G$5:$G$104,'Orçamento'!$A$5:$A$104,">="&$A12,'Orçamento'!$A$5:$A$104,"<"&DATE(YEAR($A12),MONTH($A12)+1,1),'Orçamento'!$C$5:$C$104,"Despesa")) | G12: =IF(COUNTIFS('Orçamento'!$A$5:$A$104,">="&$A12,'Orçamento'!$A$5:$A$104,"<"&DATE(YEAR($A12),MONTH($A12)+1,1),'Orçamento'!$H$5:$H$104,"<>")=0,"",SUMIFS('Orçamento'!$H$5:$H$104,'Orçamento'!$A$5:$A$104,">="&$A12,'Orçamento'!$A$5:$A$104,"<"&DATE(YEAR($A12),MONTH($A12)+1,1),'Orçamento'!$C$5:$C$104,"Receita")-SUMIFS('Orçamento'!$H$5:$H$104,'Orçamento'!$A$5:$A$104,">="&$A12,'Orçamento'!$A$5:$A$104,"<"&DATE(YEAR($A12),MONTH($A12)+1,1),'Orçamento'!$C$5:$C$104,"Despesa"))
A13: =DATE(Premissas!$B$4,2,1) | B13: =IF(COUNTIFS('Orçamento'!$A$5:$A$104,">="&$A13,'Orçamento'!$A$5:$A$104,"<"&DATE(YEAR($A13),MONTH($A13)+1,1),'Orçamento'!$C$5:$C$104,"Receita",'Orçamento'!$G$5:$G$104,"<>")=0,"",SUMIFS('Orçamento'!$G$5:$G$104,'Orçamento'!$A$5:$A$104,">="&$A13,'Orçamento'!$A$5:$A$104,"<"&DATE(YEAR($A13),MONTH($A13)+1,1),'Orçamento'!$C$5:$C$104,"Receita")) | C13: =IF(COUNTIFS('Orçamento'!$A$5:$A$104,">="&$A13,'Orçamento'!$A$5:$A$104,"<"&DATE(YEAR($A13),MONTH($A13)+1,1),'Orçamento'!$C$5:$C$104,"Receita",'Orçamento'!$H$5:$H$104,"<>")=0,"",SUMIFS('Orçamento'!$H$5:$H$104,'Orçamento'!$A$5:$A$104,">="&$A13,'Orçamento'!$A$5:$A$104,"<"&DATE(YEAR($A13),MONTH($A13)+1,1),'Orçamento'!$C$5:$C$104,"Receita")) | D13: =IF(COUNTIFS('Orçamento'!$A$5:$A$104,">="&$A13,'Orçamento'!$A$5:$A$104,"<"&DATE(YEAR($A13),MONTH($A13)+1,1),'Orçamento'!$C$5:$C$104,"Despesa",'Orçamento'!$G$5:$G$104,"<>")=0,"",SUMIFS('Orçamento'!$G$5:$G$104,'Orçamento'!$A$5:$A$104,">="&$A13,'Orçamento'!$A$5:$A$104,"<"&DATE(YEAR($A13),MONTH($A13)+1,1),'Orçamento'!$C$5:$C$104,"Despesa")) | E13: =IF(COUNTIFS('Orçamento'!$A$5:$A$104,">="&$A13,'Orçamento'!$A$5:$A$104,"<"&DATE(YEAR($A13),MONTH($A13)+1,1),'Orçamento'!$C$5:$C$104,"Despesa",'Orçamento'!$H$5:$H$104,"<>")=0,"",SUMIFS('Orçamento'!$H$5:$H$104,'Orçamento'!$A$5:$A$104,">="&$A13,'Orçamento'!$A$5:$A$104,"<"&DATE(YEAR($A13),MONTH($A13)+1,1),'Orçamento'!$C$5:$C$104,"Despesa")) | F13: =IF(COUNTIFS('Orçamento'!$A$5:$A$104,">="&$A13,'Orçamento'!$A$5:$A$104,"<"&DATE(YEAR($A13),MONTH($A13)+1,1),'Orçamento'!$G$5:$G$104,"<>")=0,"",SUMIFS('Orçamento'!$G$5:$G$104,'Orçamento'!$A$5:$A$104,">="&$A13,'Orçamento'!$A$5:$A$104,"<"&DATE(YEAR($A13),MONTH($A13)+1,1),'Orçamento'!$C$5:$C$104,"Receita")-SUMIFS('Orçamento'!$G$5:$G$104,'Orçamento'!$A$5:$A$104,">="&$A13,'Orçamento'!$A$5:$A$104,"<"&DATE(YEAR($A13),MONTH($A13)+1,1),'Orçamento'!$C$5:$C$104,"Despesa")) | G13: =IF(COUNTIFS('Orçamento'!$A$5:$A$104,">="&$A13,'Orçamento'!$A$5:$A$104,"<"&DATE(YEAR($A13),MONTH($A13)+1,1),'Orçamento'!$H$5:$H$104,"<>")=0,"",SUMIFS('Orçamento'!$H$5:$H$104,'Orçamento'!$A$5:$A$104,">="&$A13,'Orçamento'!$A$5:$A$104,"<"&DATE(YEAR($A13),MONTH($A13)+1,1),'Orçamento'!$C$5:$C$104,"Receita")-SUMIFS('Orçamento'!$H$5:$H$104,'Orçamento'!$A$5:$A$104,">="&$A13,'Orçamento'!$A$5:$A$104,"<"&DATE(YEAR($A13),MONTH($A13)+1,1),'Orçamento'!$C$5:$C$104,"Despesa"))
A14: =DATE(Premissas!$B$4,3,1) | B14: =IF(COUNTIFS('Orçamento'!$A$5:$A$104,">="&$A14,'Orçamento'!$A$5:$A$104,"<"&DATE(YEAR($A14),MONTH($A14)+1,1),'Orçamento'!$C$5:$C$104,"Receita",'Orçamento'!$G$5:$G$104,"<>")=0,"",SUMIFS('Orçamento'!$G$5:$G$104,'Orçamento'!$A$5:$A$104,">="&$A14,'Orçamento'!$A$5:$A$104,"<"&DATE(YEAR($A14),MONTH($A14)+1,1),'Orçamento'!$C$5:$C$104,"Receita")) | C14: =IF(COUNTIFS('Orçamento'!$A$5:$A$104,">="&$A14,'Orçamento'!$A$5:$A$104,"<"&DATE(YEAR($A14),MONTH($A14)+1,1),'Orçamento'!$C$5:$C$104,"Receita",'Orçamento'!$H$5:$H$104,"<>")=0,"",SUMIFS('Orçamento'!$H$5:$H$104,'Orçamento'!$A$5:$A$104,">="&$A14,'Orçamento'!$A$5:$A$104,"<"&DATE(YEAR($A14),MONTH($A14)+1,1),'Orçamento'!$C$5:$C$104,"Receita")) | D14: =IF(COUNTIFS('Orçamento'!$A$5:$A$104,">="&$A14,'Orçamento'!$A$5:$A$104,"<"&DATE(YEAR($A14),MONTH($A14)+1,1),'Orçamento'!$C$5:$C$104,"Despesa",'Orçamento'!$G$5:$G$104,"<>")=0,"",SUMIFS('Orçamento'!$G$5:$G$104,'Orçamento'!$A$5:$A$104,">="&$A14,'Orçamento'!$A$5:$A$104,"<"&DATE(YEAR($A14),MONTH($A14)+1,1),'Orçamento'!$C$5:$C$104,"Despesa")) | E14: =IF(COUNTIFS('Orçamento'!$A$5:$A$104,">="&$A14,'Orçamento'!$A$5:$A$104,"<"&DATE(YEAR($A14),MONTH($A14)+1,1),'Orçamento'!$C$5:$C$104,"Despesa",'Orçamento'!$H$5:$H$104,"<>")=0,"",SUMIFS('Orçamento'!$H$5:$H$104,'Orçamento'!$A$5:$A$104,">="&$A14,'Orçamento'!$A$5:$A$104,"<"&DATE(YEAR($A14),MONTH($A14)+1,1),'Orçamento'!$C$5:$C$104,"Despesa")) | F14: =IF(COUNTIFS('Orçamento'!$A$5:$A$104,">="&$A14,'Orçamento'!$A$5:$A$104,"<"&DATE(YEAR($A14),MONTH($A14)+1,1),'Orçamento'!$G$5:$G$104,"<>")=0,"",SUMIFS('Orçamento'!$G$5:$G$104,'Orçamento'!$A$5:$A$104,">="&$A14,'Orçamento'!$A$5:$A$104,"<"&DATE(YEAR($A14),MONTH($A14)+1,1),'Orçamento'!$C$5:$C$104,"Receita")-SUMIFS('Orçamento'!$G$5:$G$104,'Orçamento'!$A$5:$A$104,">="&$A14,'Orçamento'!$A$5:$A$104,"<"&DATE(YEAR($A14),MONTH($A14)+1,1),'Orçamento'!$C$5:$C$104,"Despesa")) | G14: =IF(COUNTIFS('Orçamento'!$A$5:$A$104,">="&$A14,'Orçamento'!$A$5:$A$104,"<"&DATE(YEAR($A14),MONTH($A14)+1,1),'Orçamento'!$H$5:$H$104,"<>")=0,"",SUMIFS('Orçamento'!$H$5:$H$104,'Orçamento'!$A$5:$A$104,">="&$A14,'Orçamento'!$A$5:$A$104,"<"&DATE(YEAR($A14),MONTH($A14)+1,1),'Orçamento'!$C$5:$C$104,"Receita")-SUMIFS('Orçamento'!$H$5:$H$104,'Orçamento'!$A$5:$A$104,">="&$A14,'Orçamento'!$A$5:$A$104,"<"&DATE(YEAR($A14),MONTH($A14)+1,1),'Orçamento'!$C$5:$C$104,"Despesa"))
A15: =DATE(Premissas!$B$4,4,1) | B15: =IF(COUNTIFS('Orçamento'!$A$5:$A$104,">="&$A15,'Orçamento'!$A$5:$A$104,"<"&DATE(YEAR($A15),MONTH($A15)+1,1),'Orçamento'!$C$5:$C$104,"Receita",'Orçamento'!$G$5:$G$104,"<>")=0,"",SUMIFS('Orçamento'!$G$5:$G$104,'Orçamento'!$A$5:$A$104,">="&$A15,'Orçamento'!$A$5:$A$104,"<"&DATE(YEAR($A15),MONTH($A15)+1,1),'Orçamento'!$C$5:$C$104,"Receita")) | C15: =IF(COUNTIFS('Orçamento'!$A$5:$A$104,">="&$A15,'Orçamento'!$A$5:$A$104,"<"&DATE(YEAR($A15),MONTH($A15)+1,1),'Orçamento'!$C$5:$C$104,"Receita",'Orçamento'!$H$5:$H$104,"<>")=0,"",SUMIFS('Orçamento'!$H$5:$H$104,'Orçamento'!$A$5:$A$104,">="&$A15,'Orçamento'!$A$5:$A$104,"<"&DATE(YEAR($A15),MONTH($A15)+1,1),'Orçamento'!$C$5:$C$104,"Receita")) | D15: =IF(COUNTIFS('Orçamento'!$A$5:$A$104,">="&$A15,'Orçamento'!$A$5:$A$104,"<"&DATE(YEAR($A15),MONTH($A15)+1,1),'Orçamento'!$C$5:$C$104,"Despesa",'Orçamento'!$G$5:$G$104,"<>")=0,"",SUMIFS('Orçamento'!$G$5:$G$104,'Orçamento'!$A$5:$A$104,">="&$A15,'Orçamento'!$A$5:$A$104,"<"&DATE(YEAR($A15),MONTH($A15)+1,1),'Orçamento'!$C$5:$C$104,"Despesa")) | E15: =IF(COUNTIFS('Orçamento'!$A$5:$A$104,">="&$A15,'Orçamento'!$A$5:$A$104,"<"&DATE(YEAR($A15),MONTH($A15)+1,1),'Orçamento'!$C$5:$C$104,"Despesa",'Orçamento'!$H$5:$H$104,"<>")=0,"",SUMIFS('Orçamento'!$H$5:$H$104,'Orçamento'!$A$5:$A$104,">="&$A15,'Orçamento'!$A$5:$A$104,"<"&DATE(YEAR($A15),MONTH($A15)+1,1),'Orçamento'!$C$5:$C$104,"Despesa")) | F15: =IF(COUNTIFS('Orçamento'!$A$5:$A$104,">="&$A15,'Orçamento'!$A$5:$A$104,"<"&DATE(YEAR($A15),MONTH($A15)+1,1),'Orçamento'!$G$5:$G$104,"<>")=0,"",SUMIFS('Orçamento'!$G$5:$G$104,'Orçamento'!$A$5:$A$104,">="&$A15,'Orçamento'!$A$5:$A$104,"<"&DATE(YEAR($A15),MONTH($A15)+1,1),'Orçamento'!$C$5:$C$104,"Receita")-SUMIFS('Orçamento'!$G$5:$G$104,'Orçamento'!$A$5:$A$104,">="&$A15,'Orçamento'!$A$5:$A$104,"<"&DATE(YEAR($A15),MONTH($A15)+1,1),'Orçamento'!$C$5:$C$104,"Despesa")) | G15: =IF(COUNTIFS('Orçamento'!$A$5:$A$104,">="&$A15,'Orçamento'!$A$5:$A$104,"<"&DATE(YEAR($A15),MONTH($A15)+1,1),'Orçamento'!$H$5:$H$104,"<>")=0,"",SUMIFS('Orçamento'!$H$5:$H$104,'Orçamento'!$A$5:$A$104,">="&$A15,'Orçamento'!$A$5:$A$104,"<"&DATE(YEAR($A15),MONTH($A15)+1,1),'Orçamento'!$C$5:$C$104,"Receita")-SUMIFS('Orçamento'!$H$5:$H$104,'Orçamento'!$A$5:$A$104,">="&$A15,'Orçamento'!$A$5:$A$104,"<"&DATE(YEAR($A15),MONTH($A15)+1,1),'Orçamento'!$C$5:$C$104,"Despesa"))
A16: =DATE(Premissas!$B$4,5,1) | B16: =IF(COUNTIFS('Orçamento'!$A$5:$A$104,">="&$A16,'Orçamento'!$A$5:$A$104,"<"&DATE(YEAR($A16),MONTH($A16)+1,1),'Orçamento'!$C$5:$C$104,"Receita",'Orçamento'!$G$5:$G$104,"<>")=0,"",SUMIFS('Orçamento'!$G$5:$G$104,'Orçamento'!$A$5:$A$104,">="&$A16,'Orçamento'!$A$5:$A$104,"<"&DATE(YEAR($A16),MONTH($A16)+1,1),'Orçamento'!$C$5:$C$104,"Receita")) | C16: =IF(COUNTIFS('Orçamento'!$A$5:$A$104,">="&$A16,'Orçamento'!$A$5:$A$104,"<"&DATE(YEAR($A16),MONTH($A16)+1,1),'Orçamento'!$C$5:$C$104,"Receita",'Orçamento'!$H$5:$H$104,"<>")=0,"",SUMIFS('Orçamento'!$H$5:$H$104,'Orçamento'!$A$5:$A$104,">="&$A16,'Orçamento'!$A$5:$A$104,"<"&DATE(YEAR($A16),MONTH($A16)+1,1),'Orçamento'!$C$5:$C$104,"Receita")) | D16: =IF(COUNTIFS('Orçamento'!$A$5:$A$104,">="&$A16,'Orçamento'!$A$5:$A$104,"<"&DATE(YEAR($A16),MONTH($A16)+1,1),'Orçamento'!$C$5:$C$104,"Despesa",'Orçamento'!$G$5:$G$104,"<>")=0,"",SUMIFS('Orçamento'!$G$5:$G$104,'Orçamento'!$A$5:$A$104,">="&$A16,'Orçamento'!$A$5:$A$104,"<"&DATE(YEAR($A16),MONTH($A16)+1,1),'Orçamento'!$C$5:$C$104,"Despesa")) | E16: =IF(COUNTIFS('Orçamento'!$A$5:$A$104,">="&$A16,'Orçamento'!$A$5:$A$104,"<"&DATE(YEAR($A16),MONTH($A16)+1,1),'Orçamento'!$C$5:$C$104,"Despesa",'Orçamento'!$H$5:$H$104,"<>")=0,"",SUMIFS('Orçamento'!$H$5:$H$104,'Orçamento'!$A$5:$A$104,">="&$A16,'Orçamento'!$A$5:$A$104,"<"&DATE(YEAR($A16),MONTH($A16)+1,1),'Orçamento'!$C$5:$C$104,"Despesa")) | F16: =IF(COUNTIFS('Orçamento'!$A$5:$A$104,">="&$A16,'Orçamento'!$A$5:$A$104,"<"&DATE(YEAR($A16),MONTH($A16)+1,1),'Orçamento'!$G$5:$G$104,"<>")=0,"",SUMIFS('Orçamento'!$G$5:$G$104,'Orçamento'!$A$5:$A$104,">="&$A16,'Orçamento'!$A$5:$A$104,"<"&DATE(YEAR($A16),MONTH($A16)+1,1),'Orçamento'!$C$5:$C$104,"Receita")-SUMIFS('Orçamento'!$G$5:$G$104,'Orçamento'!$A$5:$A$104,">="&$A16,'Orçamento'!$A$5:$A$104,"<"&DATE(YEAR($A16),MONTH($A16)+1,1),'Orçamento'!$C$5:$C$104,"Despesa")) | G16: =IF(COUNTIFS('Orçamento'!$A$5:$A$104,">="&$A16,'Orçamento'!$A$5:$A$104,"<"&DATE(YEAR($A16),MONTH($A16)+1,1),'Orçamento'!$H$5:$H$104,"<>")=0,"",SUMIFS('Orçamento'!$H$5:$H$104,'Orçamento'!$A$5:$A$104,">="&$A16,'Orçamento'!$A$5:$A$104,"<"&DATE(YEAR($A16),MONTH($A16)+1,1),'Orçamento'!$C$5:$C$104,"Receita")-SUMIFS('Orçamento'!$H$5:$H$104,'Orçamento'!$A$5:$A$104,">="&$A16,'Orçamento'!$A$5:$A$104,"<"&DATE(YEAR($A16),MONTH($A16)+1,1),'Orçamento'!$C$5:$C$104,"Despesa"))
A17: =DATE(Premissas!$B$4,6,1) | B17: =IF(COUNTIFS('Orçamento'!$A$5:$A$104,">="&$A17,'Orçamento'!$A$5:$A$104,"<"&DATE(YEAR($A17),MONTH($A17)+1,1),'Orçamento'!$C$5:$C$104,"Receita",'Orçamento'!$G$5:$G$104,"<>")=0,"",SUMIFS('Orçamento'!$G$5:$G$104,'Orçamento'!$A$5:$A$104,">="&$A17,'Orçamento'!$A$5:$A$104,"<"&DATE(YEAR($A17),MONTH($A17)+1,1),'Orçamento'!$C$5:$C$104,"Receita")) | C17: =IF(COUNTIFS('Orçamento'!$A$5:$A$104,">="&$A17,'Orçamento'!$A$5:$A$104,"<"&DATE(YEAR($A17),MONTH($A17)+1,1),'Orçamento'!$C$5:$C$104,"Receita",'Orçamento'!$H$5:$H$104,"<>")=0,"",SUMIFS('Orçamento'!$H$5:$H$104,'Orçamento'!$A$5:$A$104,">="&$A17,'Orçamento'!$A$5:$A$104,"<"&DATE(YEAR($A17),MONTH($A17)+1,1),'Orçamento'!$C$5:$C$104,"Receita")) | D17: =IF(COUNTIFS('Orçamento'!$A$5:$A$104,">="&$A17,'Orçamento'!$A$5:$A$104,"<"&DATE(YEAR($A17),MONTH($A17)+1,1),'Orçamento'!$C$5:$C$104,"Despesa",'Orçamento'!$G$5:$G$104,"<>")=0,"",SUMIFS('Orçamento'!$G$5:$G$104,'Orçamento'!$A$5:$A$104,">="&$A17,'Orçamento'!$A$5:$A$104,"<"&DATE(YEAR($A17),MONTH($A17)+1,1),'Orçamento'!$C$5:$C$104,"Despesa")) | E17: =IF(COUNTIFS('Orçamento'!$A$5:$A$104,">="&$A17,'Orçamento'!$A$5:$A$104,"<"&DATE(YEAR($A17),MONTH($A17)+1,1),'Orçamento'!$C$5:$C$104,"Despesa",'Orçamento'!$H$5:$H$104,"<>")=0,"",SUMIFS('Orçamento'!$H$5:$H$104,'Orçamento'!$A$5:$A$104,">="&$A17,'Orçamento'!$A$5:$A$104,"<"&DATE(YEAR($A17),MONTH($A17)+1,1),'Orçamento'!$C$5:$C$104,"Despesa")) | F17: =IF(COUNTIFS('Orçamento'!$A$5:$A$104,">="&$A17,'Orçamento'!$A$5:$A$104,"<"&DATE(YEAR($A17),MONTH($A17)+1,1),'Orçamento'!$G$5:$G$104,"<>")=0,"",SUMIFS('Orçamento'!$G$5:$G$104,'Orçamento'!$A$5:$A$104,">="&$A17,'Orçamento'!$A$5:$A$104,"<"&DATE(YEAR($A17),MONTH($A17)+1,1),'Orçamento'!$C$5:$C$104,"Receita")-SUMIFS('Orçamento'!$G$5:$G$104,'Orçamento'!$A$5:$A$104,">="&$A17,'Orçamento'!$A$5:$A$104,"<"&DATE(YEAR($A17),MONTH($A17)+1,1),'Orçamento'!$C$5:$C$104,"Despesa")) | G17: =IF(COUNTIFS('Orçamento'!$A$5:$A$104,">="&$A17,'Orçamento'!$A$5:$A$104,"<"&DATE(YEAR($A17),MONTH($A17)+1,1),'Orçamento'!$H$5:$H$104,"<>")=0,"",SUMIFS('Orçamento'!$H$5:$H$104,'Orçamento'!$A$5:$A$104,">="&$A17,'Orçamento'!$A$5:$A$104,"<"&DATE(YEAR($A17),MONTH($A17)+1,1),'Orçamento'!$C$5:$C$104,"Receita")-SUMIFS('Orçamento'!$H$5:$H$104,'Orçamento'!$A$5:$A$104,">="&$A17,'Orçamento'!$A$5:$A$104,"<"&DATE(YEAR($A17),MONTH($A17)+1,1),'Orçamento'!$C$5:$C$104,"Despesa"))
A18: =DATE(Premissas!$B$4,7,1) | B18: =IF(COUNTIFS('Orçamento'!$A$5:$A$104,">="&$A18,'Orçamento'!$A$5:$A$104,"<"&DATE(YEAR($A18),MONTH($A18)+1,1),'Orçamento'!$C$5:$C$104,"Receita",'Orçamento'!$G$5:$G$104,"<>")=0,"",SUMIFS('Orçamento'!$G$5:$G$104,'Orçamento'!$A$5:$A$104,">="&$A18,'Orçamento'!$A$5:$A$104,"<"&DATE(YEAR($A18),MONTH($A18)+1,1),'Orçamento'!$C$5:$C$104,"Receita")) | C18: =IF(COUNTIFS('Orçamento'!$A$5:$A$104,">="&$A18,'Orçamento'!$A$5:$A$104,"<"&DATE(YEAR($A18),MONTH($A18)+1,1),'Orçamento'!$C$5:$C$104,"Receita",'Orçamento'!$H$5:$H$104,"<>")=0,"",SUMIFS('Orçamento'!$H$5:$H$104,'Orçamento'!$A$5:$A$104,">="&$A18,'Orçamento'!$A$5:$A$104,"<"&DATE(YEAR($A18),MONTH($A18)+1,1),'Orçamento'!$C$5:$C$104,"Receita")) | D18: =IF(COUNTIFS('Orçamento'!$A$5:$A$104,">="&$A18,'Orçamento'!$A$5:$A$104,"<"&DATE(YEAR($A18),MONTH($A18)+1,1),'Orçamento'!$C$5:$C$104,"Despesa",'Orçamento'!$G$5:$G$104,"<>")=0,"",SUMIFS('Orçamento'!$G$5:$G$104,'Orçamento'!$A$5:$A$104,">="&$A18,'Orçamento'!$A$5:$A$104,"<"&DATE(YEAR($A18),MONTH($A18)+1,1),'Orçamento'!$C$5:$C$104,"Despesa")) | E18: =IF(COUNTIFS('Orçamento'!$A$5:$A$104,">="&$A18,'Orçamento'!$A$5:$A$104,"<"&DATE(YEAR($A18),MONTH($A18)+1,1),'Orçamento'!$C$5:$C$104,"Despesa",'Orçamento'!$H$5:$H$104,"<>")=0,"",SUMIFS('Orçamento'!$H$5:$H$104,'Orçamento'!$A$5:$A$104,">="&$A18,'Orçamento'!$A$5:$A$104,"<"&DATE(YEAR($A18),MONTH($A18)+1,1),'Orçamento'!$C$5:$C$104,"Despesa")) | F18: =IF(COUNTIFS('Orçamento'!$A$5:$A$104,">="&$A18,'Orçamento'!$A$5:$A$104,"<"&DATE(YEAR($A18),MONTH($A18)+1,1),'Orçamento'!$G$5:$G$104,"<>")=0,"",SUMIFS('Orçamento'!$G$5:$G$104,'Orçamento'!$A$5:$A$104,">="&$A18,'Orçamento'!$A$5:$A$104,"<"&DATE(YEAR($A18),MONTH($A18)+1,1),'Orçamento'!$C$5:$C$104,"Receita")-SUMIFS('Orçamento'!$G$5:$G$104,'Orçamento'!$A$5:$A$104,">="&$A18,'Orçamento'!$A$5:$A$104,"<"&DATE(YEAR($A18),MONTH($A18)+1,1),'Orçamento'!$C$5:$C$104,"Despesa")) | G18: =IF(COUNTIFS('Orçamento'!$A$5:$A$104,">="&$A18,'Orçamento'!$A$5:$A$104,"<"&DATE(YEAR($A18),MONTH($A18)+1,1),'Orçamento'!$H$5:$H$104,"<>")=0,"",SUMIFS('Orçamento'!$H$5:$H$104,'Orçamento'!$A$5:$A$104,">="&$A18,'Orçamento'!$A$5:$A$104,"<"&DATE(YEAR($A18),MONTH($A18)+1,1),'Orçamento'!$C$5:$C$104,"Receita")-SUMIFS('Orçamento'!$H$5:$H$104,'Orçamento'!$A$5:$A$104,">="&$A18,'Orçamento'!$A$5:$A$104,"<"&DATE(YEAR($A18),MONTH($A18)+1,1),'Orçamento'!$C$5:$C$104,"Despesa"))
A19: =DATE(Premissas!$B$4,8,1) | B19: =IF(COUNTIFS('Orçamento'!$A$5:$A$104,">="&$A19,'Orçamento'!$A$5:$A$104,"<"&DATE(YEAR($A19),MONTH($A19)+1,1),'Orçamento'!$C$5:$C$104,"Receita",'Orçamento'!$G$5:$G$104,"<>")=0,"",SUMIFS('Orçamento'!$G$5:$G$104,'Orçamento'!$A$5:$A$104,">="&$A19,'Orçamento'!$A$5:$A$104,"<"&DATE(YEAR($A19),MONTH($A19)+1,1),'Orçamento'!$C$5:$C$104,"Receita")) | C19: =IF(COUNTIFS('Orçamento'!$A$5:$A$104,">="&$A19,'Orçamento'!$A$5:$A$104,"<"&DATE(YEAR($A19),MONTH($A19)+1,1),'Orçamento'!$C$5:$C$104,"Receita",'Orçamento'!$H$5:$H$104,"<>")=0,"",SUMIFS('Orçamento'!$H$5:$H$104,'Orçamento'!$A$5:$A$104,">="&$A19,'Orçamento'!$A$5:$A$104,"<"&DATE(YEAR($A19),MONTH($A19)+1,1),'Orçamento'!$C$5:$C$104,"Receita")) | D19: =IF(COUNTIFS('Orçamento'!$A$5:$A$104,">="&$A19,'Orçamento'!$A$5:$A$104,"<"&DATE(YEAR($A19),MONTH($A19)+1,1),'Orçamento'!$C$5:$C$104,"Despesa",'Orçamento'!$G$5:$G$104,"<>")=0,"",SUMIFS('Orçamento'!$G$5:$G$104,'Orçamento'!$A$5:$A$104,">="&$A19,'Orçamento'!$A$5:$A$104,"<"&DATE(YEAR($A19),MONTH($A19)+1,1),'Orçamento'!$C$5:$C$104,"Despesa")) | E19: =IF(COUNTIFS('Orçamento'!$A$5:$A$104,">="&$A19,'Orçamento'!$A$5:$A$104,"<"&DATE(YEAR($A19),MONTH($A19)+1,1),'Orçamento'!$C$5:$C$104,"Despesa",'Orçamento'!$H$5:$H$104,"<>")=0,"",SUMIFS('Orçamento'!$H$5:$H$104,'Orçamento'!$A$5:$A$104,">="&$A19,'Orçamento'!$A$5:$A$104,"<"&DATE(YEAR($A19),MONTH($A19)+1,1),'Orçamento'!$C$5:$C$104,"Despesa")) | F19: =IF(COUNTIFS('Orçamento'!$A$5:$A$104,">="&$A19,'Orçamento'!$A$5:$A$104,"<"&DATE(YEAR($A19),MONTH($A19)+1,1),'Orçamento'!$G$5:$G$104,"<>")=0,"",SUMIFS('Orçamento'!$G$5:$G$104,'Orçamento'!$A$5:$A$104,">="&$A19,'Orçamento'!$A$5:$A$104,"<"&DATE(YEAR($A19),MONTH($A19)+1,1),'Orçamento'!$C$5:$C$104,"Receita")-SUMIFS('Orçamento'!$G$5:$G$104,'Orçamento'!$A$5:$A$104,">="&$A19,'Orçamento'!$A$5:$A$104,"<"&DATE(YEAR($A19),MONTH($A19)+1,1),'Orçamento'!$C$5:$C$104,"Despesa")) | G19: =IF(COUNTIFS('Orçamento'!$A$5:$A$104,">="&$A19,'Orçamento'!$A$5:$A$104,"<"&DATE(YEAR($A19),MONTH($A19)+1,1),'Orçamento'!$H$5:$H$104,"<>")=0,"",SUMIFS('Orçamento'!$H$5:$H$104,'Orçamento'!$A$5:$A$104,">="&$A19,'Orçamento'!$A$5:$A$104,"<"&DATE(YEAR($A19),MONTH($A19)+1,1),'Orçamento'!$C$5:$C$104,"Receita")-SUMIFS('Orçamento'!$H$5:$H$104,'Orçamento'!$A$5:$A$104,">="&$A19,'Orçamento'!$A$5:$A$104,"<"&DATE(YEAR($A19),MONTH($A19)+1,1),'Orçamento'!$C$5:$C$104,"Despesa"))
A20: =DATE(Premissas!$B$4,9,1) | B20: =IF(COUNTIFS('Orçamento'!$A$5:$A$104,">="&$A20,'Orçamento'!$A$5:$A$104,"<"&DATE(YEAR($A20),MONTH($A20)+1,1),'Orçamento'!$C$5:$C$104,"Receita",'Orçamento'!$G$5:$G$104,"<>")=0,"",SUMIFS('Orçamento'!$G$5:$G$104,'Orçamento'!$A$5:$A$104,">="&$A20,'Orçamento'!$A$5:$A$104,"<"&DATE(YEAR($A20),MONTH($A20)+1,1),'Orçamento'!$C$5:$C$104,"Receita")) | C20: =IF(COUNTIFS('Orçamento'!$A$5:$A$104,">="&$A20,'Orçamento'!$A$5:$A$104,"<"&DATE(YEAR($A20),MONTH($A20)+1,1),'Orçamento'!$C$5:$C$104,"Receita",'Orçamento'!$H$5:$H$104,"<>")=0,"",SUMIFS('Orçamento'!$H$5:$H$104,'Orçamento'!$A$5:$A$104,">="&$A20,'Orçamento'!$A$5:$A$104,"<"&DATE(YEAR($A20),MONTH($A20)+1,1),'Orçamento'!$C$5:$C$104,"Receita")) | D20: =IF(COUNTIFS('Orçamento'!$A$5:$A$104,">="&$A20,'Orçamento'!$A$5:$A$104,"<"&DATE(YEAR($A20),MONTH($A20)+1,1),'Orçamento'!$C$5:$C$104,"Despesa",'Orçamento'!$G$5:$G$104,"<>")=0,"",SUMIFS('Orçamento'!$G$5:$G$104,'Orçamento'!$A$5:$A$104,">="&$A20,'Orçamento'!$A$5:$A$104,"<"&DATE(YEAR($A20),MONTH($A20)+1,1),'Orçamento'!$C$5:$C$104,"Despesa")) | E20: =IF(COUNTIFS('Orçamento'!$A$5:$A$104,">="&$A20,'Orçamento'!$A$5:$A$104,"<"&DATE(YEAR($A20),MONTH($A20)+1,1),'Orçamento'!$C$5:$C$104,"Despesa",'Orçamento'!$H$5:$H$104,"<>")=0,"",SUMIFS('Orçamento'!$H$5:$H$104,'Orçamento'!$A$5:$A$104,">="&$A20,'Orçamento'!$A$5:$A$104,"<"&DATE(YEAR($A20),MONTH($A20)+1,1),'Orçamento'!$C$5:$C$104,"Despesa")) | F20: =IF(COUNTIFS('Orçamento'!$A$5:$A$104,">="&$A20,'Orçamento'!$A$5:$A$104,"<"&DATE(YEAR($A20),MONTH($A20)+1,1),'Orçamento'!$G$5:$G$104,"<>")=0,"",SUMIFS('Orçamento'!$G$5:$G$104,'Orçamento'!$A$5:$A$104,">="&$A20,'Orçamento'!$A$5:$A$104,"<"&DATE(YEAR($A20),MONTH($A20)+1,1),'Orçamento'!$C$5:$C$104,"Receita")-SUMIFS('Orçamento'!$G$5:$G$104,'Orçamento'!$A$5:$A$104,">="&$A20,'Orçamento'!$A$5:$A$104,"<"&DATE(YEAR($A20),MONTH($A20)+1,1),'Orçamento'!$C$5:$C$104,"Despesa")) | G20: =IF(COUNTIFS('Orçamento'!$A$5:$A$104,">="&$A20,'Orçamento'!$A$5:$A$104,"<"&DATE(YEAR($A20),MONTH($A20)+1,1),'Orçamento'!$H$5:$H$104,"<>")=0,"",SUMIFS('Orçamento'!$H$5:$H$104,'Orçamento'!$A$5:$A$104,">="&$A20,'Orçamento'!$A$5:$A$104,"<"&DATE(YEAR($A20),MONTH($A20)+1,1),'Orçamento'!$C$5:$C$104,"Receita")-SUMIFS('Orçamento'!$H$5:$H$104,'Orçamento'!$A$5:$A$104,">="&$A20,'Orçamento'!$A$5:$A$104,"<"&DATE(YEAR($A20),MONTH($A20)+1,1),'Orçamento'!$C$5:$C$104,"Despesa"))
A21: =DATE(Premissas!$B$4,10,1) | B21: =IF(COUNTIFS('Orçamento'!$A$5:$A$104,">="&$A21,'Orçamento'!$A$5:$A$104,"<"&DATE(YEAR($A21),MONTH($A21)+1,1),'Orçamento'!$C$5:$C$104,"Receita",'Orçamento'!$G$5:$G$104,"<>")=0,"",SUMIFS('Orçamento'!$G$5:$G$104,'Orçamento'!$A$5:$A$104,">="&$A21,'Orçamento'!$A$5:$A$104,"<"&DATE(YEAR($A21),MONTH($A21)+1,1),'Orçamento'!$C$5:$C$104,"Receita")) | C21: =IF(COUNTIFS('Orçamento'!$A$5:$A$104,">="&$A21,'Orçamento'!$A$5:$A$104,"<"&DATE(YEAR($A21),MONTH($A21)+1,1),'Orçamento'!$C$5:$C$104,"Receita",'Orçamento'!$H$5:$H$104,"<>")=0,"",SUMIFS('Orçamento'!$H$5:$H$104,'Orçamento'!$A$5:$A$104,">="&$A21,'Orçamento'!$A$5:$A$104,"<"&DATE(YEAR($A21),MONTH($A21)+1,1),'Orçamento'!$C$5:$C$104,"Receita")) | D21: =IF(COUNTIFS('Orçamento'!$A$5:$A$104,">="&$A21,'Orçamento'!$A$5:$A$104,"<"&DATE(YEAR($A21),MONTH($A21)+1,1),'Orçamento'!$C$5:$C$104,"Despesa",'Orçamento'!$G$5:$G$104,"<>")=0,"",SUMIFS('Orçamento'!$G$5:$G$104,'Orçamento'!$A$5:$A$104,">="&$A21,'Orçamento'!$A$5:$A$104,"<"&DATE(YEAR($A21),MONTH($A21)+1,1),'Orçamento'!$C$5:$C$104,"Despesa")) | E21: =IF(COUNTIFS('Orçamento'!$A$5:$A$104,">="&$A21,'Orçamento'!$A$5:$A$104,"<"&DATE(YEAR($A21),MONTH($A21)+1,1),'Orçamento'!$C$5:$C$104,"Despesa",'Orçamento'!$H$5:$H$104,"<>")=0,"",SUMIFS('Orçamento'!$H$5:$H$104,'Orçamento'!$A$5:$A$104,">="&$A21,'Orçamento'!$A$5:$A$104,"<"&DATE(YEAR($A21),MONTH($A21)+1,1),'Orçamento'!$C$5:$C$104,"Despesa")) | F21: =IF(COUNTIFS('Orçamento'!$A$5:$A$104,">="&$A21,'Orçamento'!$A$5:$A$104,"<"&DATE(YEAR($A21),MONTH($A21)+1,1),'Orçamento'!$G$5:$G$104,"<>")=0,"",SUMIFS('Orçamento'!$G$5:$G$104,'Orçamento'!$A$5:$A$104,">="&$A21,'Orçamento'!$A$5:$A$104,"<"&DATE(YEAR($A21),MONTH($A21)+1,1),'Orçamento'!$C$5:$C$104,"Receita")-SUMIFS('Orçamento'!$G$5:$G$104,'Orçamento'!$A$5:$A$104,">="&$A21,'Orçamento'!$A$5:$A$104,"<"&DATE(YEAR($A21),MONTH($A21)+1,1),'Orçamento'!$C$5:$C$104,"Despesa")) | G21: =IF(COUNTIFS('Orçamento'!$A$5:$A$104,">="&$A21,'Orçamento'!$A$5:$A$104,"<"&DATE(YEAR($A21),MONTH($A21)+1,1),'Orçamento'!$H$5:$H$104,"<>")=0,"",SUMIFS('Orçamento'!$H$5:$H$104,'Orçamento'!$A$5:$A$104,">="&$A21,'Orçamento'!$A$5:$A$104,"<"&DATE(YEAR($A21),MONTH($A21)+1,1),'Orçamento'!$C$5:$C$104,"Receita")-SUMIFS('Orçamento'!$H$5:$H$104,'Orçamento'!$A$5:$A$104,">="&$A21,'Orçamento'!$A$5:$A$104,"<"&DATE(YEAR($A21),MONTH($A21)+1,1),'Orçamento'!$C$5:$C$104,"Despesa"))
A22: =DATE(Premissas!$B$4,11,1) | B22: =IF(COUNTIFS('Orçamento'!$A$5:$A$104,">="&$A22,'Orçamento'!$A$5:$A$104,"<"&DATE(YEAR($A22),MONTH($A22)+1,1),'Orçamento'!$C$5:$C$104,"Receita",'Orçamento'!$G$5:$G$104,"<>")=0,"",SUMIFS('Orçamento'!$G$5:$G$104,'Orçamento'!$A$5:$A$104,">="&$A22,'Orçamento'!$A$5:$A$104,"<"&DATE(YEAR($A22),MONTH($A22)+1,1),'Orçamento'!$C$5:$C$104,"Receita")) | C22: =IF(COUNTIFS('Orçamento'!$A$5:$A$104,">="&$A22,'Orçamento'!$A$5:$A$104,"<"&DATE(YEAR($A22),MONTH($A22)+1,1),'Orçamento'!$C$5:$C$104,"Receita",'Orçamento'!$H$5:$H$104,"<>")=0,"",SUMIFS('Orçamento'!$H$5:$H$104,'Orçamento'!$A$5:$A$104,">="&$A22,'Orçamento'!$A$5:$A$104,"<"&DATE(YEAR($A22),MONTH($A22)+1,1),'Orçamento'!$C$5:$C$104,"Receita")) | D22: =IF(COUNTIFS('Orçamento'!$A$5:$A$104,">="&$A22,'Orçamento'!$A$5:$A$104,"<"&DATE(YEAR($A22),MONTH($A22)+1,1),'Orçamento'!$C$5:$C$104,"Despesa",'Orçamento'!$G$5:$G$104,"<>")=0,"",SUMIFS('Orçamento'!$G$5:$G$104,'Orçamento'!$A$5:$A$104,">="&$A22,'Orçamento'!$A$5:$A$104,"<"&DATE(YEAR($A22),MONTH($A22)+1,1),'Orçamento'!$C$5:$C$104,"Despesa")) | E22: =IF(COUNTIFS('Orçamento'!$A$5:$A$104,">="&$A22,'Orçamento'!$A$5:$A$104,"<"&DATE(YEAR($A22),MONTH($A22)+1,1),'Orçamento'!$C$5:$C$104,"Despesa",'Orçamento'!$H$5:$H$104,"<>")=0,"",SUMIFS('Orçamento'!$H$5:$H$104,'Orçamento'!$A$5:$A$104,">="&$A22,'Orçamento'!$A$5:$A$104,"<"&DATE(YEAR($A22),MONTH($A22)+1,1),'Orçamento'!$C$5:$C$104,"Despesa")) | F22: =IF(COUNTIFS('Orçamento'!$A$5:$A$104,">="&$A22,'Orçamento'!$A$5:$A$104,"<"&DATE(YEAR($A22),MONTH($A22)+1,1),'Orçamento'!$G$5:$G$104,"<>")=0,"",SUMIFS('Orçamento'!$G$5:$G$104,'Orçamento'!$A$5:$A$104,">="&$A22,'Orçamento'!$A$5:$A$104,"<"&DATE(YEAR($A22),MONTH($A22)+1,1),'Orçamento'!$C$5:$C$104,"Receita")-SUMIFS('Orçamento'!$G$5:$G$104,'Orçamento'!$A$5:$A$104,">="&$A22,'Orçamento'!$A$5:$A$104,"<"&DATE(YEAR($A22),MONTH($A22)+1,1),'Orçamento'!$C$5:$C$104,"Despesa")) | G22: =IF(COUNTIFS('Orçamento'!$A$5:$A$104,">="&$A22,'Orçamento'!$A$5:$A$104,"<"&DATE(YEAR($A22),MONTH($A22)+1,1),'Orçamento'!$H$5:$H$104,"<>")=0,"",SUMIFS('Orçamento'!$H$5:$H$104,'Orçamento'!$A$5:$A$104,">="&$A22,'Orçamento'!$A$5:$A$104,"<"&DATE(YEAR($A22),MONTH($A22)+1,1),'Orçamento'!$C$5:$C$104,"Receita")-SUMIFS('Orçamento'!$H$5:$H$104,'Orçamento'!$A$5:$A$104,">="&$A22,'Orçamento'!$A$5:$A$104,"<"&DATE(YEAR($A22),MONTH($A22)+1,1),'Orçamento'!$C$5:$C$104,"Despesa"))
A23: =DATE(Premissas!$B$4,12,1) | B23: =IF(COUNTIFS('Orçamento'!$A$5:$A$104,">="&$A23,'Orçamento'!$A$5:$A$104,"<"&DATE(YEAR($A23),MONTH($A23)+1,1),'Orçamento'!$C$5:$C$104,"Receita",'Orçamento'!$G$5:$G$104,"<>")=0,"",SUMIFS('Orçamento'!$G$5:$G$104,'Orçamento'!$A$5:$A$104,">="&$A23,'Orçamento'!$A$5:$A$104,"<"&DATE(YEAR($A23),MONTH($A23)+1,1),'Orçamento'!$C$5:$C$104,"Receita")) | C23: =IF(COUNTIFS('Orçamento'!$A$5:$A$104,">="&$A23,'Orçamento'!$A$5:$A$104,"<"&DATE(YEAR($A23),MONTH($A23)+1,1),'Orçamento'!$C$5:$C$104,"Receita",'Orçamento'!$H$5:$H$104,"<>")=0,"",SUMIFS('Orçamento'!$H$5:$H$104,'Orçamento'!$A$5:$A$104,">="&$A23,'Orçamento'!$A$5:$A$104,"<"&DATE(YEAR($A23),MONTH($A23)+1,1),'Orçamento'!$C$5:$C$104,"Receita")) | D23: =IF(COUNTIFS('Orçamento'!$A$5:$A$104,">="&$A23,'Orçamento'!$A$5:$A$104,"<"&DATE(YEAR($A23),MONTH($A23)+1,1),'Orçamento'!$C$5:$C$104,"Despesa",'Orçamento'!$G$5:$G$104,"<>")=0,"",SUMIFS('Orçamento'!$G$5:$G$104,'Orçamento'!$A$5:$A$104,">="&$A23,'Orçamento'!$A$5:$A$104,"<"&DATE(YEAR($A23),MONTH($A23)+1,1),'Orçamento'!$C$5:$C$104,"Despesa")) | E23: =IF(COUNTIFS('Orçamento'!$A$5:$A$104,">="&$A23,'Orçamento'!$A$5:$A$104,"<"&DATE(YEAR($A23),MONTH($A23)+1,1),'Orçamento'!$C$5:$C$104,"Despesa",'Orçamento'!$H$5:$H$104,"<>")=0,"",SUMIFS('Orçamento'!$H$5:$H$104,'Orçamento'!$A$5:$A$104,">="&$A23,'Orçamento'!$A$5:$A$104,"<"&DATE(YEAR($A23),MONTH($A23)+1,1),'Orçamento'!$C$5:$C$104,"Despesa")) | F23: =IF(COUNTIFS('Orçamento'!$A$5:$A$104,">="&$A23,'Orçamento'!$A$5:$A$104,"<"&DATE(YEAR($A23),MONTH($A23)+1,1),'Orçamento'!$G$5:$G$104,"<>")=0,"",SUMIFS('Orçamento'!$G$5:$G$104,'Orçamento'!$A$5:$A$104,">="&$A23,'Orçamento'!$A$5:$A$104,"<"&DATE(YEAR($A23),MONTH($A23)+1,1),'Orçamento'!$C$5:$C$104,"Receita")-SUMIFS('Orçamento'!$G$5:$G$104,'Orçamento'!$A$5:$A$104,">="&$A23,'Orçamento'!$A$5:$A$104,"<"&DATE(YEAR($A23),MONTH($A23)+1,1),'Orçamento'!$C$5:$C$104,"Despesa")) | G23: =IF(COUNTIFS('Orçamento'!$A$5:$A$104,">="&$A23,'Orçamento'!$A$5:$A$104,"<"&DATE(YEAR($A23),MONTH($A23)+1,1),'Orçamento'!$H$5:$H$104,"<>")=0,"",SUMIFS('Orçamento'!$H$5:$H$104,'Orçamento'!$A$5:$A$104,">="&$A23,'Orçamento'!$A$5:$A$104,"<"&DATE(YEAR($A23),MONTH($A23)+1,1),'Orçamento'!$C$5:$C$104,"Receita")-SUMIFS('Orçamento'!$H$5:$H$104,'Orçamento'!$A$5:$A$104,">="&$A23,'Orçamento'!$A$5:$A$104,"<"&DATE(YEAR($A23),MONTH($A23)+1,1),'Orçamento'!$C$5:$C$104,"Despesa"))
A26: Totais por ministério | G26: Totais por conta
A27: Ministério | B27: Receitas previstas | C27: Receitas realizadas | D27: Despesas previstas | E27: Despesas realizadas | G27: Conta | H27: Natureza | I27: Previsto | J27: Realizado | K27: Variação | L27: Execução
A28: =IF(Premissas!H4="","",Premissas!H4) | B28: =IF($A28="","",IF(COUNTIFS('Orçamento'!$A$5:$A$104,">="&Premissas!$B$6,'Orçamento'!$A$5:$A$104,"<="&Premissas!$B$7,'Orçamento'!$D$5:$D$104,$A28,'Orçamento'!$C$5:$C$104,"Receita",'Orçamento'!$G$5:$G$104,"<>")=0,"",SUMIFS('Orçamento'!$G$5:$G$104,'Orçamento'!$A$5:$A$104,">="&Premissas!$B$6,'Orçamento'!$A$5:$A$104,"<="&Premissas!$B$7,'Orçamento'!$D$5:$D$104,$A28,'Orçamento'!$C$5:$C$104,"Receita"))) | C28: =IF($A28="","",IF(COUNTIFS('Orçamento'!$A$5:$A$104,">="&Premissas!$B$6,'Orçamento'!$A$5:$A$104,"<="&Premissas!$B$7,'Orçamento'!$D$5:$D$104,$A28,'Orçamento'!$C$5:$C$104,"Receita",'Orçamento'!$H$5:$H$104,"<>")=0,"",SUMIFS('Orçamento'!$H$5:$H$104,'Orçamento'!$A$5:$A$104,">="&Premissas!$B$6,'Orçamento'!$A$5:$A$104,"<="&Premissas!$B$7,'Orçamento'!$D$5:$D$104,$A28,'Orçamento'!$C$5:$C$104,"Receita"))) | D28: =IF($A28="","",IF(COUNTIFS('Orçamento'!$A$5:$A$104,">="&Premissas!$B$6,'Orçamento'!$A$5:$A$104,"<="&Premissas!$B$7,'Orçamento'!$D$5:$D$104,$A28,'Orçamento'!$C$5:$C$104,"Despesa",'Orçamento'!$G$5:$G$104,"<>")=0,"",SUMIFS('Orçamento'!$G$5:$G$104,'Orçamento'!$A$5:$A$104,">="&Premissas!$B$6,'Orçamento'!$A$5:$A$104,"<="&Premissas!$B$7,'Orçamento'!$D$5:$D$104,$A28,'Orçamento'!$C$5:$C$104,"Despesa"))) | E28: =IF($A28="","",IF(COUNTIFS('Orçamento'!$A$5:$A$104,">="&Premissas!$B$6,'Orçamento'!$A$5:$A$104,"<="&Premissas!$B$7,'Orçamento'!$D$5:$D$104,$A28,'Orçamento'!$C$5:$C$104,"Despesa",'Orçamento'!$H$5:$H$104,"<>")=0,"",SUMIFS('Orçamento'!$H$5:$H$104,'Orçamento'!$A$5:$A$104,">="&Premissas!$B$6,'Orçamento'!$A$5:$A$104,"<="&Premissas!$B$7,'Orçamento'!$D$5:$D$104,$A28,'Orçamento'!$C$5:$C$104,"Despesa"))) | G28: =IF(Premissas!E4="","",Premissas!E4) | H28: =IF(G28="","",IFERROR(VLOOKUP(G28,Premissas!$E$4:$F$15,2,FALSE),"")) | I28: =IF($G28="","",IF(COUNTIFS('Orçamento'!$A$5:$A$104,">="&Premissas!$B$6,'Orçamento'!$A$5:$A$104,"<="&Premissas!$B$7,'Orçamento'!$B$5:$B$104,$G28,'Orçamento'!$G$5:$G$104,"<>")=0,"",SUMIFS('Orçamento'!$G$5:$G$104,'Orçamento'!$A$5:$A$104,">="&Premissas!$B$6,'Orçamento'!$A$5:$A$104,"<="&Premissas!$B$7,'Orçamento'!$B$5:$B$104,$G28))) | J28: =IF($G28="","",IF(COUNTIFS('Orçamento'!$A$5:$A$104,">="&Premissas!$B$6,'Orçamento'!$A$5:$A$104,"<="&Premissas!$B$7,'Orçamento'!$B$5:$B$104,$G28,'Orçamento'!$H$5:$H$104,"<>")=0,"",SUMIFS('Orçamento'!$H$5:$H$104,'Orçamento'!$A$5:$A$104,">="&Premissas!$B$6,'Orçamento'!$A$5:$A$104,"<="&Premissas!$B$7,'Orçamento'!$B$5:$B$104,$G28))) | K28: =IF(OR(NOT(ISNUMBER(I28)),NOT(ISNUMBER(J28))),"",J28-I28) | L28: =IF(OR(NOT(ISNUMBER(I28)),NOT(ISNUMBER(J28))),"",IFERROR(J28/I28,""))
A29: =IF(Premissas!H5="","",Premissas!H5) | B29: =IF($A29="","",IF(COUNTIFS('Orçamento'!$A$5:$A$104,">="&Premissas!$B$6,'Orçamento'!$A$5:$A$104,"<="&Premissas!$B$7,'Orçamento'!$D$5:$D$104,$A29,'Orçamento'!$C$5:$C$104,"Receita",'Orçamento'!$G$5:$G$104,"<>")=0,"",SUMIFS('Orçamento'!$G$5:$G$104,'Orçamento'!$A$5:$A$104,">="&Premissas!$B$6,'Orçamento'!$A$5:$A$104,"<="&Premissas!$B$7,'Orçamento'!$D$5:$D$104,$A29,'Orçamento'!$C$5:$C$104,"Receita"))) | C29: =IF($A29="","",IF(COUNTIFS('Orçamento'!$A$5:$A$104,">="&Premissas!$B$6,'Orçamento'!$A$5:$A$104,"<="&Premissas!$B$7,'Orçamento'!$D$5:$D$104,$A29,'Orçamento'!$C$5:$C$104,"Receita",'Orçamento'!$H$5:$H$104,"<>")=0,"",SUMIFS('Orçamento'!$H$5:$H$104,'Orçamento'!$A$5:$A$104,">="&Premissas!$B$6,'Orçamento'!$A$5:$A$104,"<="&Premissas!$B$7,'Orçamento'!$D$5:$D$104,$A29,'Orçamento'!$C$5:$C$104,"Receita"))) | D29: =IF($A29="","",IF(COUNTIFS('Orçamento'!$A$5:$A$104,">="&Premissas!$B$6,'Orçamento'!$A$5:$A$104,"<="&Premissas!$B$7,'Orçamento'!$D$5:$D$104,$A29,'Orçamento'!$C$5:$C$104,"Despesa",'Orçamento'!$G$5:$G$104,"<>")=0,"",SUMIFS('Orçamento'!$G$5:$G$104,'Orçamento'!$A$5:$A$104,">="&Premissas!$B$6,'Orçamento'!$A$5:$A$104,"<="&Premissas!$B$7,'Orçamento'!$D$5:$D$104,$A29,'Orçamento'!$C$5:$C$104,"Despesa"))) | E29: =IF($A29="","",IF(COUNTIFS('Orçamento'!$A$5:$A$104,">="&Premissas!$B$6,'Orçamento'!$A$5:$A$104,"<="&Premissas!$B$7,'Orçamento'!$D$5:$D$104,$A29,'Orçamento'!$C$5:$C$104,"Despesa",'Orçamento'!$H$5:$H$104,"<>")=0,"",SUMIFS('Orçamento'!$H$5:$H$104,'Orçamento'!$A$5:$A$104,">="&Premissas!$B$6,'Orçamento'!$A$5:$A$104,"<="&Premissas!$B$7,'Orçamento'!$D$5:$D$104,$A29,'Orçamento'!$C$5:$C$104,"Despesa"))) | G29: =IF(Premissas!E5="","",Premissas!E5) | H29: =IF(G29="","",IFERROR(VLOOKUP(G29,Premissas!$E$4:$F$15,2,FALSE),"")) | I29: =IF($G29="","",IF(COUNTIFS('Orçamento'!$A$5:$A$104,">="&Premissas!$B$6,'Orçamento'!$A$5:$A$104,"<="&Premissas!$B$7,'Orçamento'!$B$5:$B$104,$G29,'Orçamento'!$G$5:$G$104,"<>")=0,"",SUMIFS('Orçamento'!$G$5:$G$104,'Orçamento'!$A$5:$A$104,">="&Premissas!$B$6,'Orçamento'!$A$5:$A$104,"<="&Premissas!$B$7,'Orçamento'!$B$5:$B$104,$G29))) | J29: =IF($G29="","",IF(COUNTIFS('Orçamento'!$A$5:$A$104,">="&Premissas!$B$6,'Orçamento'!$A$5:$A$104,"<="&Premissas!$B$7,'Orçamento'!$B$5:$B$104,$G29,'Orçamento'!$H$5:$H$104,"<>")=0,"",SUMIFS('Orçamento'!$H$5:$H$104,'Orçamento'!$A$5:$A$104,">="&Premissas!$B$6,'Orçamento'!$A$5:$A$104,"<="&Premissas!$B$7,'Orçamento'!$B$5:$B$104,$G29))) | K29: =IF(OR(NOT(ISNUMBER(I29)),NOT(ISNUMBER(J29))),"",J29-I29) | L29: =IF(OR(NOT(ISNUMBER(I29)),NOT(ISNUMBER(J29))),"",IFERROR(J29/I29,""))
A30: =IF(Premissas!H6="","",Premissas!H6) | B30: =IF($A30="","",IF(COUNTIFS('Orçamento'!$A$5:$A$104,">="&Premissas!$B$6,'Orçamento'!$A$5:$A$104,"<="&Premissas!$B$7,'Orçamento'!$D$5:$D$104,$A30,'Orçamento'!$C$5:$C$104,"Receita",'Orçamento'!$G$5:$G$104,"<>")=0,"",SUMIFS('Orçamento'!$G$5:$G$104,'Orçamento'!$A$5:$A$104,">="&Premissas!$B$6,'Orçamento'!$A$5:$A$104,"<="&Premissas!$B$7,'Orçamento'!$D$5:$D$104,$A30,'Orçamento'!$C$5:$C$104,"Receita"))) | C30: =IF($A30="","",IF(COUNTIFS('Orçamento'!$A$5:$A$104,">="&Premissas!$B$6,'Orçamento'!$A$5:$A$104,"<="&Premissas!$B$7,'Orçamento'!$D$5:$D$104,$A30,'Orçamento'!$C$5:$C$104,"Receita",'Orçamento'!$H$5:$H$104,"<>")=0,"",SUMIFS('Orçamento'!$H$5:$H$104,'Orçamento'!$A$5:$A$104,">="&Premissas!$B$6,'Orçamento'!$A$5:$A$104,"<="&Premissas!$B$7,'Orçamento'!$D$5:$D$104,$A30,'Orçamento'!$C$5:$C$104,"Receita"))) | D30: =IF($A30="","",IF(COUNTIFS('Orçamento'!$A$5:$A$104,">="&Premissas!$B$6,'Orçamento'!$A$5:$A$104,"<="&Premissas!$B$7,'Orçamento'!$D$5:$D$104,$A30,'Orçamento'!$C$5:$C$104,"Despesa",'Orçamento'!$G$5:$G$104,"<>")=0,"",SUMIFS('Orçamento'!$G$5:$G$104,'Orçamento'!$A$5:$A$104,">="&Premissas!$B$6,'Orçamento'!$A$5:$A$104,"<="&Premissas!$B$7,'Orçamento'!$D$5:$D$104,$A30,'Orçamento'!$C$5:$C$104,"Despesa"))) | E30: =IF($A30="","",IF(COUNTIFS('Orçamento'!$A$5:$A$104,">="&Premissas!$B$6,'Orçamento'!$A$5:$A$104,"<="&Premissas!$B$7,'Orçamento'!$D$5:$D$104,$A30,'Orçamento'!$C$5:$C$104,"Despesa",'Orçamento'!$H$5:$H$104,"<>")=0,"",SUMIFS('Orçamento'!$H$5:$H$104,'Orçamento'!$A$5:$A$104,">="&Premissas!$B$6,'Orçamento'!$A$5:$A$104,"<="&Premissas!$B$7,'Orçamento'!$D$5:$D$104,$A30,'Orçamento'!$C$5:$C$104,"Despesa"))) | G30: =IF(Premissas!E6="","",Premissas!E6) | H30: =IF(G30="","",IFERROR(VLOOKUP(G30,Premissas!$E$4:$F$15,2,FALSE),"")) | I30: =IF($G30="","",IF(COUNTIFS('Orçamento'!$A$5:$A$104,">="&Premissas!$B$6,'Orçamento'!$A$5:$A$104,"<="&Premissas!$B$7,'Orçamento'!$B$5:$B$104,$G30,'Orçamento'!$G$5:$G$104,"<>")=0,"",SUMIFS('Orçamento'!$G$5:$G$104,'Orçamento'!$A$5:$A$104,">="&Premissas!$B$6,'Orçamento'!$A$5:$A$104,"<="&Premissas!$B$7,'Orçamento'!$B$5:$B$104,$G30))) | J30: =IF($G30="","",IF(COUNTIFS('Orçamento'!$A$5:$A$104,">="&Premissas!$B$6,'Orçamento'!$A$5:$A$104,"<="&Premissas!$B$7,'Orçamento'!$B$5:$B$104,$G30,'Orçamento'!$H$5:$H$104,"<>")=0,"",SUMIFS('Orçamento'!$H$5:$H$104,'Orçamento'!$A$5:$A$104,">="&Premissas!$B$6,'Orçamento'!$A$5:$A$104,"<="&Premissas!$B$7,'Orçamento'!$B$5:$B$104,$G30))) | K30: =IF(OR(NOT(ISNUMBER(I30)),NOT(ISNUMBER(J30))),"",J30-I30) | L30: =IF(OR(NOT(ISNUMBER(I30)),NOT(ISNUMBER(J30))),"",IFERROR(J30/I30,""))
A31: =IF(Premissas!H7="","",Premissas!H7) | B31: =IF($A31="","",IF(COUNTIFS('Orçamento'!$A$5:$A$104,">="&Premissas!$B$6,'Orçamento'!$A$5:$A$104,"<="&Premissas!$B$7,'Orçamento'!$D$5:$D$104,$A31,'Orçamento'!$C$5:$C$104,"Receita",'Orçamento'!$G$5:$G$104,"<>")=0,"",SUMIFS('Orçamento'!$G$5:$G$104,'Orçamento'!$A$5:$A$104,">="&Premissas!$B$6,'Orçamento'!$A$5:$A$104,"<="&Premissas!$B$7,'Orçamento'!$D$5:$D$104,$A31,'Orçamento'!$C$5:$C$104,"Receita"))) | C31: =IF($A31="","",IF(COUNTIFS('Orçamento'!$A$5:$A$104,">="&Premissas!$B$6,'Orçamento'!$A$5:$A$104,"<="&Premissas!$B$7,'Orçamento'!$D$5:$D$104,$A31,'Orçamento'!$C$5:$C$104,"Receita",'Orçamento'!$H$5:$H$104,"<>")=0,"",SUMIFS('Orçamento'!$H$5:$H$104,'Orçamento'!$A$5:$A$104,">="&Premissas!$B$6,'Orçamento'!$A$5:$A$104,"<="&Premissas!$B$7,'Orçamento'!$D$5:$D$104,$A31,'Orçamento'!$C$5:$C$104,"Receita"))) | D31: =IF($A31="","",IF(COUNTIFS('Orçamento'!$A$5:$A$104,">="&Premissas!$B$6,'Orçamento'!$A$5:$A$104,"<="&Premissas!$B$7,'Orçamento'!$D$5:$D$104,$A31,'Orçamento'!$C$5:$C$104,"Despesa",'Orçamento'!$G$5:$G$104,"<>")=0,"",SUMIFS('Orçamento'!$G$5:$G$104,'Orçamento'!$A$5:$A$104,">="&Premissas!$B$6,'Orçamento'!$A$5:$A$104,"<="&Premissas!$B$7,'Orçamento'!$D$5:$D$104,$A31,'Orçamento'!$C$5:$C$104,"Despesa"))) | E31: =IF($A31="","",IF(COUNTIFS('Orçamento'!$A$5:$A$104,">="&Premissas!$B$6,'Orçamento'!$A$5:$A$104,"<="&Premissas!$B$7,'Orçamento'!$D$5:$D$104,$A31,'Orçamento'!$C$5:$C$104,"Despesa",'Orçamento'!$H$5:$H$104,"<>")=0,"",SUMIFS('Orçamento'!$H$5:$H$104,'Orçamento'!$A$5:$A$104,">="&Premissas!$B$6,'Orçamento'!$A$5:$A$104,"<="&Premissas!$B$7,'Orçamento'!$D$5:$D$104,$A31,'Orçamento'!$C$5:$C$104,"Despesa"))) | G31: =IF(Premissas!E7="","",Premissas!E7) | H31: =IF(G31="","",IFERROR(VLOOKUP(G31,Premissas!$E$4:$F$15,2,FALSE),"")) | I31: =IF($G31="","",IF(COUNTIFS('Orçamento'!$A$5:$A$104,">="&Premissas!$B$6,'Orçamento'!$A$5:$A$104,"<="&Premissas!$B$7,'Orçamento'!$B$5:$B$104,$G31,'Orçamento'!$G$5:$G$104,"<>")=0,"",SUMIFS('Orçamento'!$G$5:$G$104,'Orçamento'!$A$5:$A$104,">="&Premissas!$B$6,'Orçamento'!$A$5:$A$104,"<="&Premissas!$B$7,'Orçamento'!$B$5:$B$104,$G31))) | J31: =IF($G31="","",IF(COUNTIFS('Orçamento'!$A$5:$A$104,">="&Premissas!$B$6,'Orçamento'!$A$5:$A$104,"<="&Premissas!$B$7,'Orçamento'!$B$5:$B$104,$G31,'Orçamento'!$H$5:$H$104,"<>")=0,"",SUMIFS('Orçamento'!$H$5:$H$104,'Orçamento'!$A$5:$A$104,">="&Premissas!$B$6,'Orçamento'!$A$5:$A$104,"<="&Premissas!$B$7,'Orçamento'!$B$5:$B$104,$G31))) | K31: =IF(OR(NOT(ISNUMBER(I31)),NOT(ISNUMBER(J31))),"",J31-I31) | L31: =IF(OR(NOT(ISNUMBER(I31)),NOT(ISNUMBER(J31))),"",IFERROR(J31/I31,""))
A32: =IF(Premissas!H8="","",Premissas!H8) | B32: =IF($A32="","",IF(COUNTIFS('Orçamento'!$A$5:$A$104,">="&Premissas!$B$6,'Orçamento'!$A$5:$A$104,"<="&Premissas!$B$7,'Orçamento'!$D$5:$D$104,$A32,'Orçamento'!$C$5:$C$104,"Receita",'Orçamento'!$G$5:$G$104,"<>")=0,"",SUMIFS('Orçamento'!$G$5:$G$104,'Orçamento'!$A$5:$A$104,">="&Premissas!$B$6,'Orçamento'!$A$5:$A$104,"<="&Premissas!$B$7,'Orçamento'!$D$5:$D$104,$A32,'Orçamento'!$C$5:$C$104,"Receita"))) | C32: =IF($A32="","",IF(COUNTIFS('Orçamento'!$A$5:$A$104,">="&Premissas!$B$6,'Orçamento'!$A$5:$A$104,"<="&Premissas!$B$7,'Orçamento'!$D$5:$D$104,$A32,'Orçamento'!$C$5:$C$104,"Receita",'Orçamento'!$H$5:$H$104,"<>")=0,"",SUMIFS('Orçamento'!$H$5:$H$104,'Orçamento'!$A$5:$A$104,">="&Premissas!$B$6,'Orçamento'!$A$5:$A$104,"<="&Premissas!$B$7,'Orçamento'!$D$5:$D$104,$A32,'Orçamento'!$C$5:$C$104,"Receita"))) | D32: =IF($A32="","",IF(COUNTIFS('Orçamento'!$A$5:$A$104,">="&Premissas!$B$6,'Orçamento'!$A$5:$A$104,"<="&Premissas!$B$7,'Orçamento'!$D$5:$D$104,$A32,'Orçamento'!$C$5:$C$104,"Despesa",'Orçamento'!$G$5:$G$104,"<>")=0,"",SUMIFS('Orçamento'!$G$5:$G$104,'Orçamento'!$A$5:$A$104,">="&Premissas!$B$6,'Orçamento'!$A$5:$A$104,"<="&Premissas!$B$7,'Orçamento'!$D$5:$D$104,$A32,'Orçamento'!$C$5:$C$104,"Despesa"))) | E32: =IF($A32="","",IF(COUNTIFS('Orçamento'!$A$5:$A$104,">="&Premissas!$B$6,'Orçamento'!$A$5:$A$104,"<="&Premissas!$B$7,'Orçamento'!$D$5:$D$104,$A32,'Orçamento'!$C$5:$C$104,"Despesa",'Orçamento'!$H$5:$H$104,"<>")=0,"",SUMIFS('Orçamento'!$H$5:$H$104,'Orçamento'!$A$5:$A$104,">="&Premissas!$B$6,'Orçamento'!$A$5:$A$104,"<="&Premissas!$B$7,'Orçamento'!$D$5:$D$104,$A32,'Orçamento'!$C$5:$C$104,"Despesa"))) | G32: =IF(Premissas!E8="","",Premissas!E8) | H32: =IF(G32="","",IFERROR(VLOOKUP(G32,Premissas!$E$4:$F$15,2,FALSE),"")) | I32: =IF($G32="","",IF(COUNTIFS('Orçamento'!$A$5:$A$104,">="&Premissas!$B$6,'Orçamento'!$A$5:$A$104,"<="&Premissas!$B$7,'Orçamento'!$B$5:$B$104,$G32,'Orçamento'!$G$5:$G$104,"<>")=0,"",SUMIFS('Orçamento'!$G$5:$G$104,'Orçamento'!$A$5:$A$104,">="&Premissas!$B$6,'Orçamento'!$A$5:$A$104,"<="&Premissas!$B$7,'Orçamento'!$B$5:$B$104,$G32))) | J32: =IF($G32="","",IF(COUNTIFS('Orçamento'!$A$5:$A$104,">="&Premissas!$B$6,'Orçamento'!$A$5:$A$104,"<="&Premissas!$B$7,'Orçamento'!$B$5:$B$104,$G32,'Orçamento'!$H$5:$H$104,"<>")=0,"",SUMIFS('Orçamento'!$H$5:$H$104,'Orçamento'!$A$5:$A$104,">="&Premissas!$B$6,'Orçamento'!$A$5:$A$104,"<="&Premissas!$B$7,'Orçamento'!$B$5:$B$104,$G32))) | K32: =IF(OR(NOT(ISNUMBER(I32)),NOT(ISNUMBER(J32))),"",J32-I32) | L32: =IF(OR(NOT(ISNUMBER(I32)),NOT(ISNUMBER(J32))),"",IFERROR(J32/I32,""))
A33: =IF(Premissas!H9="","",Premissas!H9) | B33: =IF($A33="","",IF(COUNTIFS('Orçamento'!$A$5:$A$104,">="&Premissas!$B$6,'Orçamento'!$A$5:$A$104,"<="&Premissas!$B$7,'Orçamento'!$D$5:$D$104,$A33,'Orçamento'!$C$5:$C$104,"Receita",'Orçamento'!$G$5:$G$104,"<>")=0,"",SUMIFS('Orçamento'!$G$5:$G$104,'Orçamento'!$A$5:$A$104,">="&Premissas!$B$6,'Orçamento'!$A$5:$A$104,"<="&Premissas!$B$7,'Orçamento'!$D$5:$D$104,$A33,'Orçamento'!$C$5:$C$104,"Receita"))) | C33: =IF($A33="","",IF(COUNTIFS('Orçamento'!$A$5:$A$104,">="&Premissas!$B$6,'Orçamento'!$A$5:$A$104,"<="&Premissas!$B$7,'Orçamento'!$D$5:$D$104,$A33,'Orçamento'!$C$5:$C$104,"Receita",'Orçamento'!$H$5:$H$104,"<>")=0,"",SUMIFS('Orçamento'!$H$5:$H$104,'Orçamento'!$A$5:$A$104,">="&Premissas!$B$6,'Orçamento'!$A$5:$A$104,"<="&Premissas!$B$7,'Orçamento'!$D$5:$D$104,$A33,'Orçamento'!$C$5:$C$104,"Receita"))) | D33: =IF($A33="","",IF(COUNTIFS('Orçamento'!$A$5:$A$104,">="&Premissas!$B$6,'Orçamento'!$A$5:$A$104,"<="&Premissas!$B$7,'Orçamento'!$D$5:$D$104,$A33,'Orçamento'!$C$5:$C$104,"Despesa",'Orçamento'!$G$5:$G$104,"<>")=0,"",SUMIFS('Orçamento'!$G$5:$G$104,'Orçamento'!$A$5:$A$104,">="&Premissas!$B$6,'Orçamento'!$A$5:$A$104,"<="&Premissas!$B$7,'Orçamento'!$D$5:$D$104,$A33,'Orçamento'!$C$5:$C$104,"Despesa"))) | E33: =IF($A33="","",IF(COUNTIFS('Orçamento'!$A$5:$A$104,">="&Premissas!$B$6,'Orçamento'!$A$5:$A$104,"<="&Premissas!$B$7,'Orçamento'!$D$5:$D$104,$A33,'Orçamento'!$C$5:$C$104,"Despesa",'Orçamento'!$H$5:$H$104,"<>")=0,"",SUMIFS('Orçamento'!$H$5:$H$104,'Orçamento'!$A$5:$A$104,">="&Premissas!$B$6,'Orçamento'!$A$5:$A$104,"<="&Premissas!$B$7,'Orçamento'!$D$5:$D$104,$A33,'Orçamento'!$C$5:$C$104,"Despesa"))) | G33: =IF(Premissas!E9="","",Premissas!E9) | H33: =IF(G33="","",IFERROR(VLOOKUP(G33,Premissas!$E$4:$F$15,2,FALSE),"")) | I33: =IF($G33="","",IF(COUNTIFS('Orçamento'!$A$5:$A$104,">="&Premissas!$B$6,'Orçamento'!$A$5:$A$104,"<="&Premissas!$B$7,'Orçamento'!$B$5:$B$104,$G33,'Orçamento'!$G$5:$G$104,"<>")=0,"",SUMIFS('Orçamento'!$G$5:$G$104,'Orçamento'!$A$5:$A$104,">="&Premissas!$B$6,'Orçamento'!$A$5:$A$104,"<="&Premissas!$B$7,'Orçamento'!$B$5:$B$104,$G33))) | J33: =IF($G33="","",IF(COUNTIFS('Orçamento'!$A$5:$A$104,">="&Premissas!$B$6,'Orçamento'!$A$5:$A$104,"<="&Premissas!$B$7,'Orçamento'!$B$5:$B$104,$G33,'Orçamento'!$H$5:$H$104,"<>")=0,"",SUMIFS('Orçamento'!$H$5:$H$104,'Orçamento'!$A$5:$A$104,">="&Premissas!$B$6,'Orçamento'!$A$5:$A$104,"<="&Premissas!$B$7,'Orçamento'!$B$5:$B$104,$G33))) | K33: =IF(OR(NOT(ISNUMBER(I33)),NOT(ISNUMBER(J33))),"",J33-I33) | L33: =IF(OR(NOT(ISNUMBER(I33)),NOT(ISNUMBER(J33))),"",IFERROR(J33/I33,""))
A34: =IF(Premissas!H10="","",Premissas!H10) | B34: =IF($A34="","",IF(COUNTIFS('Orçamento'!$A$5:$A$104,">="&Premissas!$B$6,'Orçamento'!$A$5:$A$104,"<="&Premissas!$B$7,'Orçamento'!$D$5:$D$104,$A34,'Orçamento'!$C$5:$C$104,"Receita",'Orçamento'!$G$5:$G$104,"<>")=0,"",SUMIFS('Orçamento'!$G$5:$G$104,'Orçamento'!$A$5:$A$104,">="&Premissas!$B$6,'Orçamento'!$A$5:$A$104,"<="&Premissas!$B$7,'Orçamento'!$D$5:$D$104,$A34,'Orçamento'!$C$5:$C$104,"Receita"))) | C34: =IF($A34="","",IF(COUNTIFS('Orçamento'!$A$5:$A$104,">="&Premissas!$B$6,'Orçamento'!$A$5:$A$104,"<="&Premissas!$B$7,'Orçamento'!$D$5:$D$104,$A34,'Orçamento'!$C$5:$C$104,"Receita",'Orçamento'!$H$5:$H$104,"<>")=0,"",SUMIFS('Orçamento'!$H$5:$H$104,'Orçamento'!$A$5:$A$104,">="&Premissas!$B$6,'Orçamento'!$A$5:$A$104,"<="&Premissas!$B$7,'Orçamento'!$D$5:$D$104,$A34,'Orçamento'!$C$5:$C$104,"Receita"))) | D34: =IF($A34="","",IF(COUNTIFS('Orçamento'!$A$5:$A$104,">="&Premissas!$B$6,'Orçamento'!$A$5:$A$104,"<="&Premissas!$B$7,'Orçamento'!$D$5:$D$104,$A34,'Orçamento'!$C$5:$C$104,"Despesa",'Orçamento'!$G$5:$G$104,"<>")=0,"",SUMIFS('Orçamento'!$G$5:$G$104,'Orçamento'!$A$5:$A$104,">="&Premissas!$B$6,'Orçamento'!$A$5:$A$104,"<="&Premissas!$B$7,'Orçamento'!$D$5:$D$104,$A34,'Orçamento'!$C$5:$C$104,"Despesa"))) | E34: =IF($A34="","",IF(COUNTIFS('Orçamento'!$A$5:$A$104,">="&Premissas!$B$6,'Orçamento'!$A$5:$A$104,"<="&Premissas!$B$7,'Orçamento'!$D$5:$D$104,$A34,'Orçamento'!$C$5:$C$104,"Despesa",'Orçamento'!$H$5:$H$104,"<>")=0,"",SUMIFS('Orçamento'!$H$5:$H$104,'Orçamento'!$A$5:$A$104,">="&Premissas!$B$6,'Orçamento'!$A$5:$A$104,"<="&Premissas!$B$7,'Orçamento'!$D$5:$D$104,$A34,'Orçamento'!$C$5:$C$104,"Despesa"))) | G34: =IF(Premissas!E10="","",Premissas!E10) | H34: =IF(G34="","",IFERROR(VLOOKUP(G34,Premissas!$E$4:$F$15,2,FALSE),"")) | I34: =IF($G34="","",IF(COUNTIFS('Orçamento'!$A$5:$A$104,">="&Premissas!$B$6,'Orçamento'!$A$5:$A$104,"<="&Premissas!$B$7,'Orçamento'!$B$5:$B$104,$G34,'Orçamento'!$G$5:$G$104,"<>")=0,"",SUMIFS('Orçamento'!$G$5:$G$104,'Orçamento'!$A$5:$A$104,">="&Premissas!$B$6,'Orçamento'!$A$5:$A$104,"<="&Premissas!$B$7,'Orçamento'!$B$5:$B$104,$G34))) | J34: =IF($G34="","",IF(COUNTIFS('Orçamento'!$A$5:$A$104,">="&Premissas!$B$6,'Orçamento'!$A$5:$A$104,"<="&Premissas!$B$7,'Orçamento'!$B$5:$B$104,$G34,'Orçamento'!$H$5:$H$104,"<>")=0,"",SUMIFS('Orçamento'!$H$5:$H$104,'Orçamento'!$A$5:$A$104,">="&Premissas!$B$6,'Orçamento'!$A$5:$A$104,"<="&Premissas!$B$7,'Orçamento'!$B$5:$B$104,$G34))) | K34: =IF(OR(NOT(ISNUMBER(I34)),NOT(ISNUMBER(J34))),"",J34-I34) | L34: =IF(OR(NOT(ISNUMBER(I34)),NOT(ISNUMBER(J34))),"",IFERROR(J34/I34,""))
A35: =IF(Premissas!H11="","",Premissas!H11) | B35: =IF($A35="","",IF(COUNTIFS('Orçamento'!$A$5:$A$104,">="&Premissas!$B$6,'Orçamento'!$A$5:$A$104,"<="&Premissas!$B$7,'Orçamento'!$D$5:$D$104,$A35,'Orçamento'!$C$5:$C$104,"Receita",'Orçamento'!$G$5:$G$104,"<>")=0,"",SUMIFS('Orçamento'!$G$5:$G$104,'Orçamento'!$A$5:$A$104,">="&Premissas!$B$6,'Orçamento'!$A$5:$A$104,"<="&Premissas!$B$7,'Orçamento'!$D$5:$D$104,$A35,'Orçamento'!$C$5:$C$104,"Receita"))) | C35: =IF($A35="","",IF(COUNTIFS('Orçamento'!$A$5:$A$104,">="&Premissas!$B$6,'Orçamento'!$A$5:$A$104,"<="&Premissas!$B$7,'Orçamento'!$D$5:$D$104,$A35,'Orçamento'!$C$5:$C$104,"Receita",'Orçamento'!$H$5:$H$104,"<>")=0,"",SUMIFS('Orçamento'!$H$5:$H$104,'Orçamento'!$A$5:$A$104,">="&Premissas!$B$6,'Orçamento'!$A$5:$A$104,"<="&Premissas!$B$7,'Orçamento'!$D$5:$D$104,$A35,'Orçamento'!$C$5:$C$104,"Receita"))) | D35: =IF($A35="","",IF(COUNTIFS('Orçamento'!$A$5:$A$104,">="&Premissas!$B$6,'Orçamento'!$A$5:$A$104,"<="&Premissas!$B$7,'Orçamento'!$D$5:$D$104,$A35,'Orçamento'!$C$5:$C$104,"Despesa",'Orçamento'!$G$5:$G$104,"<>")=0,"",SUMIFS('Orçamento'!$G$5:$G$104,'Orçamento'!$A$5:$A$104,">="&Premissas!$B$6,'Orçamento'!$A$5:$A$104,"<="&Premissas!$B$7,'Orçamento'!$D$5:$D$104,$A35,'Orçamento'!$C$5:$C$104,"Despesa"))) | E35: =IF($A35="","",IF(COUNTIFS('Orçamento'!$A$5:$A$104,">="&Premissas!$B$6,'Orçamento'!$A$5:$A$104,"<="&Premissas!$B$7,'Orçamento'!$D$5:$D$104,$A35,'Orçamento'!$C$5:$C$104,"Despesa",'Orçamento'!$H$5:$H$104,"<>")=0,"",SUMIFS('Orçamento'!$H$5:$H$104,'Orçamento'!$A$5:$A$104,">="&Premissas!$B$6,'Orçamento'!$A$5:$A$104,"<="&Premissas!$B$7,'Orçamento'!$D$5:$D$104,$A35,'Orçamento'!$C$5:$C$104,"Despesa"))) | G35: =IF(Premissas!E11="","",Premissas!E11) | H35: =IF(G35="","",IFERROR(VLOOKUP(G35,Premissas!$E$4:$F$15,2,FALSE),"")) | I35: =IF($G35="","",IF(COUNTIFS('Orçamento'!$A$5:$A$104,">="&Premissas!$B$6,'Orçamento'!$A$5:$A$104,"<="&Premissas!$B$7,'Orçamento'!$B$5:$B$104,$G35,'Orçamento'!$G$5:$G$104,"<>")=0,"",SUMIFS('Orçamento'!$G$5:$G$104,'Orçamento'!$A$5:$A$104,">="&Premissas!$B$6,'Orçamento'!$A$5:$A$104,"<="&Premissas!$B$7,'Orçamento'!$B$5:$B$104,$G35))) | J35: =IF($G35="","",IF(COUNTIFS('Orçamento'!$A$5:$A$104,">="&Premissas!$B$6,'Orçamento'!$A$5:$A$104,"<="&Premissas!$B$7,'Orçamento'!$B$5:$B$104,$G35,'Orçamento'!$H$5:$H$104,"<>")=0,"",SUMIFS('Orçamento'!$H$5:$H$104,'Orçamento'!$A$5:$A$104,">="&Premissas!$B$6,'Orçamento'!$A$5:$A$104,"<="&Premissas!$B$7,'Orçamento'!$B$5:$B$104,$G35))) | K35: =IF(OR(NOT(ISNUMBER(I35)),NOT(ISNUMBER(J35))),"",J35-I35) | L35: =IF(OR(NOT(ISNUMBER(I35)),NOT(ISNUMBER(J35))),"",IFERROR(J35/I35,""))
A36: =IF(Premissas!H12="","",Premissas!H12) | B36: =IF($A36="","",IF(COUNTIFS('Orçamento'!$A$5:$A$104,">="&Premissas!$B$6,'Orçamento'!$A$5:$A$104,"<="&Premissas!$B$7,'Orçamento'!$D$5:$D$104,$A36,'Orçamento'!$C$5:$C$104,"Receita",'Orçamento'!$G$5:$G$104,"<>")=0,"",SUMIFS('Orçamento'!$G$5:$G$104,'Orçamento'!$A$5:$A$104,">="&Premissas!$B$6,'Orçamento'!$A$5:$A$104,"<="&Premissas!$B$7,'Orçamento'!$D$5:$D$104,$A36,'Orçamento'!$C$5:$C$104,"Receita"))) | C36: =IF($A36="","",IF(COUNTIFS('Orçamento'!$A$5:$A$104,">="&Premissas!$B$6,'Orçamento'!$A$5:$A$104,"<="&Premissas!$B$7,'Orçamento'!$D$5:$D$104,$A36,'Orçamento'!$C$5:$C$104,"Receita",'Orçamento'!$H$5:$H$104,"<>")=0,"",SUMIFS('Orçamento'!$H$5:$H$104,'Orçamento'!$A$5:$A$104,">="&Premissas!$B$6,'Orçamento'!$A$5:$A$104,"<="&Premissas!$B$7,'Orçamento'!$D$5:$D$104,$A36,'Orçamento'!$C$5:$C$104,"Receita"))) | D36: =IF($A36="","",IF(COUNTIFS('Orçamento'!$A$5:$A$104,">="&Premissas!$B$6,'Orçamento'!$A$5:$A$104,"<="&Premissas!$B$7,'Orçamento'!$D$5:$D$104,$A36,'Orçamento'!$C$5:$C$104,"Despesa",'Orçamento'!$G$5:$G$104,"<>")=0,"",SUMIFS('Orçamento'!$G$5:$G$104,'Orçamento'!$A$5:$A$104,">="&Premissas!$B$6,'Orçamento'!$A$5:$A$104,"<="&Premissas!$B$7,'Orçamento'!$D$5:$D$104,$A36,'Orçamento'!$C$5:$C$104,"Despesa"))) | E36: =IF($A36="","",IF(COUNTIFS('Orçamento'!$A$5:$A$104,">="&Premissas!$B$6,'Orçamento'!$A$5:$A$104,"<="&Premissas!$B$7,'Orçamento'!$D$5:$D$104,$A36,'Orçamento'!$C$5:$C$104,"Despesa",'Orçamento'!$H$5:$H$104,"<>")=0,"",SUMIFS('Orçamento'!$H$5:$H$104,'Orçamento'!$A$5:$A$104,">="&Premissas!$B$6,'Orçamento'!$A$5:$A$104,"<="&Premissas!$B$7,'Orçamento'!$D$5:$D$104,$A36,'Orçamento'!$C$5:$C$104,"Despesa"))) | G36: =IF(Premissas!E12="","",Premissas!E12) | H36: =IF(G36="","",IFERROR(VLOOKUP(G36,Premissas!$E$4:$F$15,2,FALSE),"")) | I36: =IF($G36="","",IF(COUNTIFS('Orçamento'!$A$5:$A$104,">="&Premissas!$B$6,'Orçamento'!$A$5:$A$104,"<="&Premissas!$B$7,'Orçamento'!$B$5:$B$104,$G36,'Orçamento'!$G$5:$G$104,"<>")=0,"",SUMIFS('Orçamento'!$G$5:$G$104,'Orçamento'!$A$5:$A$104,">="&Premissas!$B$6,'Orçamento'!$A$5:$A$104,"<="&Premissas!$B$7,'Orçamento'!$B$5:$B$104,$G36))) | J36: =IF($G36="","",IF(COUNTIFS('Orçamento'!$A$5:$A$104,">="&Premissas!$B$6,'Orçamento'!$A$5:$A$104,"<="&Premissas!$B$7,'Orçamento'!$B$5:$B$104,$G36,'Orçamento'!$H$5:$H$104,"<>")=0,"",SUMIFS('Orçamento'!$H$5:$H$104,'Orçamento'!$A$5:$A$104,">="&Premissas!$B$6,'Orçamento'!$A$5:$A$104,"<="&Premissas!$B$7,'Orçamento'!$B$5:$B$104,$G36))) | K36: =IF(OR(NOT(ISNUMBER(I36)),NOT(ISNUMBER(J36))),"",J36-I36) | L36: =IF(OR(NOT(ISNUMBER(I36)),NOT(ISNUMBER(J36))),"",IFERROR(J36/I36,""))
A37: =IF(Premissas!H13="","",Premissas!H13) | B37: =IF($A37="","",IF(COUNTIFS('Orçamento'!$A$5:$A$104,">="&Premissas!$B$6,'Orçamento'!$A$5:$A$104,"<="&Premissas!$B$7,'Orçamento'!$D$5:$D$104,$A37,'Orçamento'!$C$5:$C$104,"Receita",'Orçamento'!$G$5:$G$104,"<>")=0,"",SUMIFS('Orçamento'!$G$5:$G$104,'Orçamento'!$A$5:$A$104,">="&Premissas!$B$6,'Orçamento'!$A$5:$A$104,"<="&Premissas!$B$7,'Orçamento'!$D$5:$D$104,$A37,'Orçamento'!$C$5:$C$104,"Receita"))) | C37: =IF($A37="","",IF(COUNTIFS('Orçamento'!$A$5:$A$104,">="&Premissas!$B$6,'Orçamento'!$A$5:$A$104,"<="&Premissas!$B$7,'Orçamento'!$D$5:$D$104,$A37,'Orçamento'!$C$5:$C$104,"Receita",'Orçamento'!$H$5:$H$104,"<>")=0,"",SUMIFS('Orçamento'!$H$5:$H$104,'Orçamento'!$A$5:$A$104,">="&Premissas!$B$6,'Orçamento'!$A$5:$A$104,"<="&Premissas!$B$7,'Orçamento'!$D$5:$D$104,$A37,'Orçamento'!$C$5:$C$104,"Receita"))) | D37: =IF($A37="","",IF(COUNTIFS('Orçamento'!$A$5:$A$104,">="&Premissas!$B$6,'Orçamento'!$A$5:$A$104,"<="&Premissas!$B$7,'Orçamento'!$D$5:$D$104,$A37,'Orçamento'!$C$5:$C$104,"Despesa",'Orçamento'!$G$5:$G$104,"<>")=0,"",SUMIFS('Orçamento'!$G$5:$G$104,'Orçamento'!$A$5:$A$104,">="&Premissas!$B$6,'Orçamento'!$A$5:$A$104,"<="&Premissas!$B$7,'Orçamento'!$D$5:$D$104,$A37,'Orçamento'!$C$5:$C$104,"Despesa"))) | E37: =IF($A37="","",IF(COUNTIFS('Orçamento'!$A$5:$A$104,">="&Premissas!$B$6,'Orçamento'!$A$5:$A$104,"<="&Premissas!$B$7,'Orçamento'!$D$5:$D$104,$A37,'Orçamento'!$C$5:$C$104,"Despesa",'Orçamento'!$H$5:$H$104,"<>")=0,"",SUMIFS('Orçamento'!$H$5:$H$104,'Orçamento'!$A$5:$A$104,">="&Premissas!$B$6,'Orçamento'!$A$5:$A$104,"<="&Premissas!$B$7,'Orçamento'!$D$5:$D$104,$A37,'Orçamento'!$C$5:$C$104,"Despesa"))) | G37: =IF(Premissas!E13="","",Premissas!E13) | H37: =IF(G37="","",IFERROR(VLOOKUP(G37,Premissas!$E$4:$F$15,2,FALSE),"")) | I37: =IF($G37="","",IF(COUNTIFS('Orçamento'!$A$5:$A$104,">="&Premissas!$B$6,'Orçamento'!$A$5:$A$104,"<="&Premissas!$B$7,'Orçamento'!$B$5:$B$104,$G37,'Orçamento'!$G$5:$G$104,"<>")=0,"",SUMIFS('Orçamento'!$G$5:$G$104,'Orçamento'!$A$5:$A$104,">="&Premissas!$B$6,'Orçamento'!$A$5:$A$104,"<="&Premissas!$B$7,'Orçamento'!$B$5:$B$104,$G37))) | J37: =IF($G37="","",IF(COUNTIFS('Orçamento'!$A$5:$A$104,">="&Premissas!$B$6,'Orçamento'!$A$5:$A$104,"<="&Premissas!$B$7,'Orçamento'!$B$5:$B$104,$G37,'Orçamento'!$H$5:$H$104,"<>")=0,"",SUMIFS('Orçamento'!$H$5:$H$104,'Orçamento'!$A$5:$A$104,">="&Premissas!$B$6,'Orçamento'!$A$5:$A$104,"<="&Premissas!$B$7,'Orçamento'!$B$5:$B$104,$G37))) | K37: =IF(OR(NOT(ISNUMBER(I37)),NOT(ISNUMBER(J37))),"",J37-I37) | L37: =IF(OR(NOT(ISNUMBER(I37)),NOT(ISNUMBER(J37))),"",IFERROR(J37/I37,""))
G38: =IF(Premissas!E14="","",Premissas!E14) | H38: =IF(G38="","",IFERROR(VLOOKUP(G38,Premissas!$E$4:$F$15,2,FALSE),"")) | I38: =IF($G38="","",IF(COUNTIFS('Orçamento'!$A$5:$A$104,">="&Premissas!$B$6,'Orçamento'!$A$5:$A$104,"<="&Premissas!$B$7,'Orçamento'!$B$5:$B$104,$G38,'Orçamento'!$G$5:$G$104,"<>")=0,"",SUMIFS('Orçamento'!$G$5:$G$104,'Orçamento'!$A$5:$A$104,">="&Premissas!$B$6,'Orçamento'!$A$5:$A$104,"<="&Premissas!$B$7,'Orçamento'!$B$5:$B$104,$G38))) | J38: =IF($G38="","",IF(COUNTIFS('Orçamento'!$A$5:$A$104,">="&Premissas!$B$6,'Orçamento'!$A$5:$A$104,"<="&Premissas!$B$7,'Orçamento'!$B$5:$B$104,$G38,'Orçamento'!$H$5:$H$104,"<>")=0,"",SUMIFS('Orçamento'!$H$5:$H$104,'Orçamento'!$A$5:$A$104,">="&Premissas!$B$6,'Orçamento'!$A$5:$A$104,"<="&Premissas!$B$7,'Orçamento'!$B$5:$B$104,$G38))) | K38: =IF(OR(NOT(ISNUMBER(I38)),NOT(ISNUMBER(J38))),"",J38-I38) | L38: =IF(OR(NOT(ISNUMBER(I38)),NOT(ISNUMBER(J38))),"",IFERROR(J38/I38,""))
G39: =IF(Premissas!E15="","",Premissas!E15) | H39: =IF(G39="","",IFERROR(VLOOKUP(G39,Premissas!$E$4:$F$15,2,FALSE),"")) | I39: =IF($G39="","",IF(COUNTIFS('Orçamento'!$A$5:$A$104,">="&Premissas!$B$6,'Orçamento'!$A$5:$A$104,"<="&Premissas!$B$7,'Orçamento'!$B$5:$B$104,$G39,'Orçamento'!$G$5:$G$104,"<>")=0,"",SUMIFS('Orçamento'!$G$5:$G$104,'Orçamento'!$A$5:$A$104,">="&Premissas!$B$6,'Orçamento'!$A$5:$A$104,"<="&Premissas!$B$7,'Orçamento'!$B$5:$B$104,$G39))) | J39: =IF($G39="","",IF(COUNTIFS('Orçamento'!$A$5:$A$104,">="&Premissas!$B$6,'Orçamento'!$A$5:$A$104,"<="&Premissas!$B$7,'Orçamento'!$B$5:$B$104,$G39,'Orçamento'!$H$5:$H$104,"<>")=0,"",SUMIFS('Orçamento'!$H$5:$H$104,'Orçamento'!$A$5:$A$104,">="&Premissas!$B$6,'Orçamento'!$A$5:$A$104,"<="&Premissas!$B$7,'Orçamento'!$B$5:$B$104,$G39))) | K39: =IF(OR(NOT(ISNUMBER(I39)),NOT(ISNUMBER(J39))),"",J39-I39) | L39: =IF(OR(NOT(ISNUMBER(I39)),NOT(ISNUMBER(J39))),"",IFERROR(J39/I39,""))

Sheet Orçamento
A1: Orçamento anual — Congregação Fictícia Horizonte
A2: Preencha as células amarelas. As situações calculadas são alertas para conferência humana.
A4: Mês de referência | B4: Conta | C4: Natureza | D4: Ministério | E4: Evento | F4: Responsável | G4: Previsto | H4: Realizado | I4: Variação | J4: Execução | K4: Situação
A5: 46023 | B5: Receita Fictícia Comunitária | C5: =IF(B5="","",IFERROR(VLOOKUP(B5,Premissas!$E$4:$F$15,2,FALSE),"")) | D5: Núcleo Fictício Aurora | E5: Rotina Fictícia de Janeiro | F5: Responsável Fictício Alfa | G5: 25000 | H5: 24300 | I5: =IF(OR(A5="",NOT(ISNUMBER(G5)),NOT(ISNUMBER(H5))),"",H5-G5) | J5: =IF(OR(A5="",NOT(ISNUMBER(G5)),NOT(ISNUMBER(H5))),"",IFERROR(H5/G5,"")) | K5: =IFERROR(IF(AND(A5="",B5="",D5="",E5="",F5="",G5="",H5=""),"",IF(A5="","Conferir data",IF(C5="","Conferir conta",IF(AND(NOT(ISNUMBER(G5)),NOT(ISNUMBER(H5))),"Pendente de valores",IF(NOT(ISNUMBER(G5)),"Sem previsto",IF(NOT(ISNUMBER(H5)),"Sem realizado",IF(C5="Despesa",IF(H5>G5*(1+Premissas!$B$5),"Conferir: acima","Dentro do limite"),IF(H5<G5*(1-Premissas!$B$5),"Conferir: abaixo","Dentro do limite")))))))),"Conferir dados")
A6: 46023 | B6: Despesa Fictícia de Materiais | C6: =IF(B6="","",IFERROR(VLOOKUP(B6,Premissas!$E$4:$F$15,2,FALSE),"")) | D6: Núcleo Fictício Semente | E6: Oficina Fictícia Semente | F6: Responsável Fictício Beta | G6: 4500 | H6: 5100 | I6: =IF(OR(A6="",NOT(ISNUMBER(G6)),NOT(ISNUMBER(H6))),"",H6-G6) | J6: =IF(OR(A6="",NOT(ISNUMBER(G6)),NOT(ISNUMBER(H6))),"",IFERROR(H6/G6,"")) | K6: =IFERROR(IF(AND(A6="",B6="",D6="",E6="",F6="",G6="",H6=""),"",IF(A6="","Conferir data",IF(C6="","Conferir conta",IF(AND(NOT(ISNUMBER(G6)),NOT(ISNUMBER(H6))),"Pendente de valores",IF(NOT(ISNUMBER(G6)),"Sem previsto",IF(NOT(ISNUMBER(H6)),"Sem realizado",IF(C6="Despesa",IF(H6>G6*(1+Premissas!$B$5),"Conferir: acima","Dentro do limite"),IF(H6<G6*(1-Premissas!$B$5),"Conferir: abaixo","Dentro do limite")))))))),"Conferir dados")
A7: 46054 | B7: Receita Fictícia de Eventos | C7: =IF(B7="","",IFERROR(VLOOKUP(B7,Premissas!$E$4:$F$15,2,FALSE),"")) | D7: Núcleo Fictício Caminho | E7: Encontro Fictício Caminho | F7: Responsável Fictício Gama | G7: 8000 | H7: 7000 | I7: =IF(OR(A7="",NOT(ISNUMBER(G7)),NOT(ISNUMBER(H7))),"",H7-G7) | J7: =IF(OR(A7="",NOT(ISNUMBER(G7)),NOT(ISNUMBER(H7))),"",IFERROR(H7/G7,"")) | K7: =IFERROR(IF(AND(A7="",B7="",D7="",E7="",F7="",G7="",H7=""),"",IF(A7="","Conferir data",IF(C7="","Conferir conta",IF(AND(NOT(ISNUMBER(G7)),NOT(ISNUMBER(H7))),"Pendente de valores",IF(NOT(ISNUMBER(G7)),"Sem previsto",IF(NOT(ISNUMBER(H7)),"Sem realizado",IF(C7="Despesa",IF(H7>G7*(1+Premissas!$B$5),"Conferir: acima","Dentro do limite"),IF(H7<G7*(1-Premissas!$B$5),"Conferir: abaixo","Dentro do limite")))))))),"Conferir dados")
A8: 46082 | B8: Despesa Fictícia de Manutenção | C8: =IF(B8="","",IFERROR(VLOOKUP(B8,Premissas!$E$4:$F$15,2,FALSE),"")) | D8: Administração Fictícia Central | E8: Revisão Fictícia de Espaços | F8: Responsável Fictício Delta | G8: 6000 | H8: 5800 | I8: =IF(OR(A8="",NOT(ISNUMBER(G8)),NOT(ISNUMBER(H8))),"",H8-G8) | J8: =IF(OR(A8="",NOT(ISNUMBER(G8)),NOT(ISNUMBER(H8))),"",IFERROR(H8/G8,"")) | K8: =IFERROR(IF(AND(A8="",B8="",D8="",E8="",F8="",G8="",H8=""),"",IF(A8="","Conferir data",IF(C8="","Conferir conta",IF(AND(NOT(ISNUMBER(G8)),NOT(ISNUMBER(H8))),"Pendente de valores",IF(NOT(ISNUMBER(G8)),"Sem previsto",IF(NOT(ISNUMBER(H8)),"Sem realizado",IF(C8="Despesa",IF(H8>G8*(1+Premissas!$B$5),"Conferir: acima","Dentro do limite"),IF(H8<G8*(1-Premissas!$B$5),"Conferir: abaixo","Dentro do limite")))))))),"Conferir dados")
A9: 46113 | B9: Despesa Fictícia de Formação | C9: =IF(B9="","",IFERROR(VLOOKUP(B9,Premissas!$E$4:$F$15,2,FALSE),"")) | D9: Núcleo Fictício Harmonia | E9: Curso Fictício Harmonia | F9: Responsável Fictício Épsilon | G9: 3500 | I9: =IF(OR(A9="",NOT(ISNUMBER(G9)),NOT(ISNUMBER(H9))),"",H9-G9) | J9: =IF(OR(A9="",NOT(ISNUMBER(G9)),NOT(ISNUMBER(H9))),"",IFERROR(H9/G9,"")) | K9: =IFERROR(IF(AND(A9="",B9="",D9="",E9="",F9="",G9="",H9=""),"",IF(A9="","Conferir data",IF(C9="","Conferir conta",IF(AND(NOT(ISNUMBER(G9)),NOT(ISNUMBER(H9))),"Pendente de valores",IF(NOT(ISNUMBER(G9)),"Sem previsto",IF(NOT(ISNUMBER(H9)),"Sem realizado",IF(C9="Despesa",IF(H9>G9*(1+Premissas!$B$5),"Conferir: acima","Dentro do limite"),IF(H9<G9*(1-Premissas!$B$5),"Conferir: abaixo","Dentro do limite")))))))),"Conferir dados")
A10: 46143 | B10: Receita Fictícia Comunitária | C10: =IF(B10="","",IFERROR(VLOOKUP(B10,Premissas!$E$4:$F$15,2,FALSE),"")) | D10: Núcleo Fictício Acolher | E10: Rotina Fictícia de Maio | F10: Responsável Fictício Zeta | G10: 26000 | H10: 27200 | I10: =IF(OR(A10="",NOT(ISNUMBER(G10)),NOT(ISNUMBER(H10))),"",H10-G10) | J10: =IF(OR(A10="",NOT(ISNUMBER(G10)),NOT(ISNUMBER(H10))),"",IFERROR(H10/G10,"")) | K10: =IFERROR(IF(AND(A10="",B10="",D10="",E10="",F10="",G10="",H10=""),"",IF(A10="","Conferir data",IF(C10="","Conferir conta",IF(AND(NOT(ISNUMBER(G10)),NOT(ISNUMBER(H10))),"Pendente de valores",IF(NOT(ISNUMBER(G10)),"Sem previsto",IF(NOT(ISNUMBER(H10)),"Sem realizado",IF(C10="Despesa",IF(H10>G10*(1+Premissas!$B$5),"Conferir: acima","Dentro do limite"),IF(H10<G10*(1-Premissas!$B$5),"Conferir: abaixo","Dentro do limite")))))))),"Conferir dados")
A11: 46174 | B11: Despesa Fictícia de Apoio Social | C11: =IF(B11="","",IFERROR(VLOOKUP(B11,Premissas!$E$4:$F$15,2,FALSE),"")) | D11: Núcleo Fictício Acolher | E11: Ação Fictícia Acolher | F11: Responsável Fictício Eta | G11: 7000 | H11: 7200 | I11: =IF(OR(A11="",NOT(ISNUMBER(G11)),NOT(ISNUMBER(H11))),"",H11-G11) | J11: =IF(OR(A11="",NOT(ISNUMBER(G11)),NOT(ISNUMBER(H11))),"",IFERROR(H11/G11,"")) | K11: =IFERROR(IF(AND(A11="",B11="",D11="",E11="",F11="",G11="",H11=""),"",IF(A11="","Conferir data",IF(C11="","Conferir conta",IF(AND(NOT(ISNUMBER(G11)),NOT(ISNUMBER(H11))),"Pendente de valores",IF(NOT(ISNUMBER(G11)),"Sem previsto",IF(NOT(ISNUMBER(H11)),"Sem realizado",IF(C11="Despesa",IF(H11>G11*(1+Premissas!$B$5),"Conferir: acima","Dentro do limite"),IF(H11<G11*(1-Premissas!$B$5),"Conferir: abaixo","Dentro do limite")))))))),"Conferir dados")
A12: 46204 | B12: Despesa Fictícia de Comunicação | C12: =IF(B12="","",IFERROR(VLOOKUP(B12,Premissas!$E$4:$F$15,2,FALSE),"")) | D12: Núcleo Fictício Aurora | E12: Campanha Fictícia Aurora | F12: Responsável Fictício Teta | G12: 3200 | H12: 4100 | I12: =IF(OR(A12="",NOT(ISNUMBER(G12)),NOT(ISNUMBER(H12))),"",H12-G12) | J12: =IF(OR(A12="",NOT(ISNUMBER(G12)),NOT(ISNUMBER(H12))),"",IFERROR(H12/G12,"")) | K12: =IFERROR(IF(AND(A12="",B12="",D12="",E12="",F12="",G12="",H12=""),"",IF(A12="","Conferir data",IF(C12="","Conferir conta",IF(AND(NOT(ISNUMBER(G12)),NOT(ISNUMBER(H12))),"Pendente de valores",IF(NOT(ISNUMBER(G12)),"Sem previsto",IF(NOT(ISNUMBER(H12)),"Sem realizado",IF(C12="Despesa",IF(H12>G12*(1+Premissas!$B$5),"Conferir: acima","Dentro do limite"),IF(H12<G12*(1-Premissas!$B$5),"Conferir: abaixo","Dentro do limite")))))))),"Conferir dados")
A13: 46235 | B13: Despesa Fictícia de Patrimônio | C13: =IF(B13="","",IFERROR(VLOOKUP(B13,Premissas!$E$4:$F$15,2,FALSE),"")) | D13: Administração Fictícia Central | E13: Projeto Fictício Patrimônio | F13: Responsável Fictício Iota | G13: 12000 | H13: 11900 | I13: =IF(OR(A13="",NOT(ISNUMBER(G13)),NOT(ISNUMBER(H13))),"",H13-G13) | J13: =IF(OR(A13="",NOT(ISNUMBER(G13)),NOT(ISNUMBER(H13))),"",IFERROR(H13/G13,"")) | K13: =IFERROR(IF(AND(A13="",B13="",D13="",E13="",F13="",G13="",H13=""),"",IF(A13="","Conferir data",IF(C13="","Conferir conta",IF(AND(NOT(ISNUMBER(G13)),NOT(ISNUMBER(H13))),"Pendente de valores",IF(NOT(ISNUMBER(G13)),"Sem previsto",IF(NOT(ISNUMBER(H13)),"Sem realizado",IF(C13="Despesa",IF(H13>G13*(1+Premissas!$B$5),"Conferir: acima","Dentro do limite"),IF(H13<G13*(1-Premissas!$B$5),"Conferir: abaixo","Dentro do limite")))))))),"Conferir dados")
A14: 46266 | B14: Receita Fictícia de Eventos | C14: =IF(B14="","",IFERROR(VLOOKUP(B14,Premissas!$E$4:$F$15,2,FALSE),"")) | D14: Núcleo Fictício Semente | E14: Encontro Fictício Primavera | F14: Responsável Fictício Capa | G14: 9000 | H14: 10500 | I14: =IF(OR(A14="",NOT(ISNUMBER(G14)),NOT(ISNUMBER(H14))),"",H14-G14) | J14: =IF(OR(A14="",NOT(ISNUMBER(G14)),NOT(ISNUMBER(H14))),"",IFERROR(H14/G14,"")) | K14: =IFERROR(IF(AND(A14="",B14="",D14="",E14="",F14="",G14="",H14=""),"",IF(A14="","Conferir data",IF(C14="","Conferir conta",IF(AND(NOT(ISNUMBER(G14)),NOT(ISNUMBER(H14))),"Pendente de valores",IF(NOT(ISNUMBER(G14)),"Sem previsto",IF(NOT(ISNUMBER(H14)),"Sem realizado",IF(C14="Despesa",IF(H14>G14*(1+Premissas!$B$5),"Conferir: acima","Dentro do limite"),IF(H14<G14*(1-Premissas!$B$5),"Conferir: abaixo","Dentro do limite")))))))),"Conferir dados")
C15: =IF(B15="","",IFERROR(VLOOKUP(B15,Premissas!$E$4:$F$15,2,FALSE),"")) | I15: =IF(OR(A15="",NOT(ISNUMBER(G15)),NOT(ISNUMBER(H15))),"",H15-G15) | J15: =IF(OR(A15="",NOT(ISNUMBER(G15)),NOT(ISNUMBER(H15))),"",IFERROR(H15/G15,"")) | K15: =IFERROR(IF(AND(A15="",B15="",D15="",E15="",F15="",G15="",H15=""),"",IF(A15="","Conferir data",IF(C15="","Conferir conta",IF(AND(NOT(ISNUMBER(G15)),NOT(ISNUMBER(H15))),"Pendente de valores",IF(NOT(ISNUMBER(G15)),"Sem previsto",IF(NOT(ISNUMBER(H15)),"Sem realizado",IF(C15="Despesa",IF(H15>G15*(1+Premissas!$B$5),"Conferir: acima","Dentro do limite"),IF(H15<G15*(1-Premissas!$B$5),"Conferir: abaixo","Dentro do limite")))))))),"Conferir dados")
C16: =IF(B16="","",IFERROR(VLOOKUP(B16,Premissas!$E$4:$F$15,2,FALSE),"")) | I16: =IF(OR(A16="",NOT(ISNUMBER(G16)),NOT(ISNUMBER(H16))),"",H16-G16) | J16: =IF(OR(A16="",NOT(ISNUMBER(G16)),NOT(ISNUMBER(H16))),"",IFERROR(H16/G16,"")) | K16: =IFERROR(IF(AND(A16="",B16="",D16="",E16="",F16="",G16="",H16=""),"",IF(A16="","Conferir data",IF(C16="","Conferir conta",IF(AND(NOT(ISNUMBER(G16)),NOT(ISNUMBER(H16))),"Pendente de valores",IF(NOT(ISNUMBER(G16)),"Sem previsto",IF(NOT(ISNUMBER(H16)),"Sem realizado",IF(C16="Despesa",IF(H16>G16*(1+Premissas!$B$5),"Conferir: acima","Dentro do limite"),IF(H16<G16*(1-Premissas!$B$5),"Conferir: abaixo","Dentro do limite")))))))),"Conferir dados")
C17: =IF(B17="","",IFERROR(VLOOKUP(B17,Premissas!$E$4:$F$15,2,FALSE),"")) | I17: =IF(OR(A17="",NOT(ISNUMBER(G17)),NOT(ISNUMBER(H17))),"",H17-G17) | J17: =IF(OR(A17="",NOT(ISNUMBER(G17)),NOT(ISNUMBER(H17))),"",IFERROR(H17/G17,"")) | K17: =IFERROR(IF(AND(A17="",B17="",D17="",E17="",F17="",G17="",H17=""),"",IF(A17="","Conferir data",IF(C17="","Conferir conta",IF(AND(NOT(ISNUMBER(G17)),NOT(ISNUMBER(H17))),"Pendente de valores",IF(NOT(ISNUMBER(G17)),"Sem previsto",IF(NOT(ISNUMBER(H17)),"Sem realizado",IF(C17="Despesa",IF(H17>G17*(1+Premissas!$B$5),"Conferir: acima","Dentro do limite"),IF(H17<G17*(1-Premissas!$B$5),"Conferir: abaixo","Dentro do limite")))))))),"Conferir dados")
C18: =IF(B18="","",IFERROR(VLOOKUP(B18,Premissas!$E$4:$F$15,2,FALSE),"")) | I18: =IF(OR(A18="",NOT(ISNUMBER(G18)),NOT(ISNUMBER(H18))),"",H18-G18) | J18: =IF(OR(A18="",NOT(ISNUMBER(G18)),NOT(ISNUMBER(H18))),"",IFERROR(H18/G18,"")) | K18: =IFERROR(IF(AND(A18="",B18="",D18="",E18="",F18="",G18="",H18=""),"",IF(A18="","Conferir data",IF(C18="","Conferir conta",IF(AND(NOT(ISNUMBER(G18)),NOT(ISNUMBER(H18))),"Pendente de valores",IF(NOT(ISNUMBER(G18)),"Sem previsto",IF(NOT(ISNUMBER(H18)),"Sem realizado",IF(C18="Despesa",IF(H18>G18*(1+Premissas!$B$5),"Conferir: acima","Dentro do limite"),IF(H18<G18*(1-Premissas!$B$5),"Conferir: abaixo","Dentro do limite")))))))),"Conferir dados")
C19: =IF(B19="","",IFERROR(VLOOKUP(B19,Premissas!$E$4:$F$15,2,FALSE),"")) | I19: =IF(OR(A19="",NOT(ISNUMBER(G19)),NOT(ISNUMBER(H19))),"",H19-G19) | J19: =IF(OR(A19="",NOT(ISNUMBER(G19)),NOT(ISNUMBER(H19))),"",IFERROR(H19/G19,"")) | K19: =IFERROR(IF(AND(A19="",B19="",D19="",E19="",F19="",G19="",H19=""),"",IF(A19="","Conferir data",IF(C19="","Conferir conta",IF(AND(NOT(ISNUMBER(G19)),NOT(ISNUMBER(H19))),"Pendente de valores",IF(NOT(ISNUMBER(G19)),"Sem previsto",IF(NOT(ISNUMBER(H19)),"Sem realizado",IF(C19="Despesa",IF(H19>G19*(1+Premissas!$B$5),"Conferir: acima","Dentro do limite"),IF(H19<G19*(1-Premissas!$B$5),"Conferir: abaixo","Dentro do limite")))))))),"Conferir dados")
C20: =IF(B20="","",IFERROR(VLOOKUP(B20,Premissas!$E$4:$F$15,2,FALSE),"")) | I20: =IF(OR(A20="",NOT(ISNUMBER(G20)),NOT(ISNUMBER(H20))),"",H20-G20) | J20: =IF(OR(A20="",NOT(ISNUMBER(G20)),NOT(ISNUMBER(H20))),"",IFERROR(H20/G20,"")) | K20: =IFERROR(IF(AND(A20="",B20="",D20="",E20="",F20="",G20="",H20=""),"",IF(A20="","Conferir data",IF(C20="","Conferir conta",IF(AND(NOT(ISNUMBER(G20)),NOT(ISNUMBER(H20))),"Pendente de valores",IF(NOT(ISNUMBER(G20)),"Sem previsto",IF(NOT(ISNUMBER(H20)),"Sem realizado",IF(C20="Despesa",IF(H20>G20*(1+Premissas!$B$5),"Conferir: acima","Dentro do limite"),IF(H20<G20*(1-Premissas!$B$5),"Conferir: abaixo","Dentro do limite")))))))),"Conferir dados")
C21: =IF(B21="","",IFERROR(VLOOKUP(B21,Premissas!$E$4:$F$15,2,FALSE),"")) | I21: =IF(OR(A21="",NOT(ISNUMBER(G21)),NOT(ISNUMBER(H21))),"",H21-G21) | J21: =IF(OR(A21="",NOT(ISNUMBER(G21)),NOT(ISNUMBER(H21))),"",IFERROR(H21/G21,"")) | K21: =IFERROR(IF(AND(A21="",B21="",D21="",E21="",F21="",G21="",H21=""),"",IF(A21="","Conferir data",IF(C21="","Conferir conta",IF(AND(NOT(ISNUMBER(G21)),NOT(ISNUMBER(H21))),"Pendente de valores",IF(NOT(ISNUMBER(G21)),"Sem previsto",IF(NOT(ISNUMBER(H21)),"Sem realizado",IF(C21="Despesa",IF(H21>G21*(1+Premissas!$B$5),"Conferir: acima","Dentro do limite"),IF(H21<G21*(1-Premissas!$B$5),"Conferir: abaixo","Dentro do limite")))))))),"Conferir dados")
C22: =IF(B22="","",IFERROR(VLOOKUP(B22,Premissas!$E$4:$F$15,2,FALSE),"")) | I22: =IF(OR(A22="",NOT(ISNUMBER(G22)),NOT(ISNUMBER(H22))),"",H22-G22) | J22: =IF(OR(A22="",NOT(ISNUMBER(G22)),NOT(ISNUMBER(H22))),"",IFERROR(H22/G22,"")) | K22: =IFERROR(IF(AND(A22="",B22="",D22="",E22="",F22="",G22="",H22=""),"",IF(A22="","Conferir data",IF(C22="","Conferir conta",IF(AND(NOT(ISNUMBER(G22)),NOT(ISNUMBER(H22))),"Pendente de valores",IF(NOT(ISNUMBER(G22)),"Sem previsto",IF(NOT(ISNUMBER(H22)),"Sem realizado",IF(C22="Despesa",IF(H22>G22*(1+Premissas!$B$5),"Conferir: acima","Dentro do limite"),IF(H22<G22*(1-Premissas!$B$5),"Conferir: abaixo","Dentro do limite")))))))),"Conferir dados")
C23: =IF(B23="","",IFERROR(VLOOKUP(B23,Premissas!$E$4:$F$15,2,FALSE),"")) | I23: =IF(OR(A23="",NOT(ISNUMBER(G23)),NOT(ISNUMBER(H23))),"",H23-G23) | J23: =IF(OR(A23="",NOT(ISNUMBER(G23)),NOT(ISNUMBER(H23))),"",IFERROR(H23/G23,"")) | K23: =IFERROR(IF(AND(A23="",B23="",D23="",E23="",F23="",G23="",H23=""),"",IF(A23="","Conferir data",IF(C23="","Conferir conta",IF(AND(NOT(ISNUMBER(G23)),NOT(ISNUMBER(H23))),"Pendente de valores",IF(NOT(ISNUMBER(G23)),"Sem previsto",IF(NOT(ISNUMBER(H23)),"Sem realizado",IF(C23="Despesa",IF(H23>G23*(1+Premissas!$B$5),"Conferir: acima","Dentro do limite"),IF(H23<G23*(1-Premissas!$B$5),"Conferir: abaixo","Dentro do limite")))))))),"Conferir dados")
C24: =IF(B24="","",IFERROR(VLOOKUP(B24,Premissas!$E$4:$F$15,2,FALSE),"")) | I24: =IF(OR(A24="",NOT(ISNUMBER(G24)),NOT(ISNUMBER(H24))),"",H24-G24) | J24: =IF(OR(A24="",NOT(ISNUMBER(G24)),NOT(ISNUMBER(H24))),"",IFERROR(H24/G24,"")) | K24: =IFERROR(IF(AND(A24="",B24="",D24="",E24="",F24="",G24="",H24=""),"",IF(A24="","Conferir data",IF(C24="","Conferir conta",IF(AND(NOT(ISNUMBER(G24)),NOT(ISNUMBER(H24))),"Pendente de valores",IF(NOT(ISNUMBER(G24)),"Sem previsto",IF(NOT(ISNUMBER(H24)),"Sem realizado",IF(C24="Despesa",IF(H24>G24*(1+Premissas!$B$5),"Conferir: acima","Dentro do limite"),IF(H24<G24*(1-Premissas!$B$5),"Conferir: abaixo","Dentro do limite")))))))),"Conferir dados")
C25: =IF(B25="","",IFERROR(VLOOKUP(B25,Premissas!$E$4:$F$15,2,FALSE),"")) | I25: =IF(OR(A25="",NOT(ISNUMBER(G25)),NOT(ISNUMBER(H25))),"",H25-G25) | J25: =IF(OR(A25="",NOT(ISNUMBER(G25)),NOT(ISNUMBER(H25))),"",IFERROR(H25/G25,"")) | K25: =IFERROR(IF(AND(A25="",B25="",D25="",E25="",F25="",G25="",H25=""),"",IF(A25="","Conferir data",IF(C25="","Conferir conta",IF(AND(NOT(ISNUMBER(G25)),NOT(ISNUMBER(H25))),"Pendente de valores",IF(NOT(ISNUMBER(G25)),"Sem previsto",IF(NOT(ISNUMBER(H25)),"Sem realizado",IF(C25="Despesa",IF(H25>G25*(1+Premissas!$B$5),"Conferir: acima","Dentro do limite"),IF(H25<G25*(1-Premissas!$B$5),"Conferir: abaixo","Dentro do limite")))))))),"Conferir dados")
C26: =IF(B26="","",IFERROR(VLOOKUP(B26,Premissas!$E$4:$F$15,2,FALSE),"")) | I26: =IF(OR(A26="",NOT(ISNUMBER(G26)),NOT(ISNUMBER(H26))),"",H26-G26) | J26: =IF(OR(A26="",NOT(ISNUMBER(G26)),NOT(ISNUMBER(H26))),"",IFERROR(H26/G26,"")) | K26: =IFERROR(IF(AND(A26="",B26="",D26="",E26="",F26="",G26="",H26=""),"",IF(A26="","Conferir data",IF(C26="","Conferir conta",IF(AND(NOT(ISNUMBER(G26)),NOT(ISNUMBER(H26))),"Pendente de valores",IF(NOT(ISNUMBER(G26)),"Sem previsto",IF(NOT(ISNUMBER(H26)),"Sem realizado",IF(C26="Despesa",IF(H26>G26*(1+Premissas!$B$5),"Conferir: acima","Dentro do limite"),IF(H26<G26*(1-Premissas!$B$5),"Conferir: abaixo","Dentro do limite")))))))),"Conferir dados")
... C104: =IF(B104="","",IFERROR(VLOOKUP(B104,Premissas!$E$4:$F$15,2,FALSE),"")) | I104: =IF(OR(A104="",NOT(ISNUMBER(G104)),NOT(ISNUMBER(H104))),"",H104-G104) | J104: =IF(OR(A104="",NOT(ISNUMBER(G104)),NOT(ISNUMBER(H104))),"",IFERROR(H104/G104,"")) | K104: =IFERROR(IF(AND(A104="",B104="",D104="",E104="",F104="",G104="",H104=""),"",IF(A104="","Conferir data",IF(C104="","Conferir conta",IF(AND(NOT(ISNUMBER(G104)),NOT(ISNUMBER(H104))),"Pendente de valores",IF(NOT(ISNUMBER(G104)),"Sem previsto",IF(NOT(ISNUMBER(H104)),"Sem realizado",IF(C104="Despesa",IF(H104>G104*(1+Premissas!$B$5),"Conferir: acima","Dentro do limite"),IF(H104<G104*(1-Premissas!$B$5),"Conferir: abaixo","Dentro do limite")))))))),"Conferir dados")

Sheet Premissas
A1: Premissas do orçamento anual — Congregação Fictícia Horizonte
A2: Edite somente as células amarelas. O limite apenas sinaliza itens para conferência humana.
A3: Premissa | B3: Valor | D3: Naturezas | E3: Contas fictícias | F3: Natureza padrão | H3: Ministérios fictícios
A4: Ano do orçamento | B4: 2026 | D4: Receita | E4: Receita Fictícia Comunitária | F4: Receita | H4: Núcleo Fictício Aurora
A5: Limite de alerta | B5: 0.1 | D5: Despesa | E5: Receita Fictícia de Eventos | F5: Receita | H5: Núcleo Fictício Semente
A6: Data inicial | B6: =DATE(B4,1,1) | E6: Despesa Fictícia de Materiais | F6: Despesa | H6: Núcleo Fictício Caminho
A7: Data final | B7: =DATE(B4,12,31) | E7: Despesa Fictícia de Manutenção | F7: Despesa | H7: Núcleo Fictício Harmonia
E8: Despesa Fictícia de Formação | F8: Despesa | H8: Núcleo Fictício Acolher
E9: Despesa Fictícia de Apoio Social | F9: Despesa | H9: Administração Fictícia Central
E10: Despesa Fictícia de Comunicação | F10: Despesa
E11: Despesa Fictícia de Patrimônio | F11: Despesa
